 Dungeon Crawl Stone Soup version 0.32-a0-355-ged53ad6fd3 (webtiles) character file.

Game seed: 10859948415146905706

18016083 Mousus6 the Dwarven Barricade (level 27, 269/269 HPs)
             Began as a Mountain Dwarf Fire Elementalist on Feb 17, 2024.
             Was the Champion of Vehumet.
             Escaped with the Orb
             ... and 15 runes
             ... and 4 gems on Feb 18, 2024!
             The game lasted 06:01:35 (88332 turns).

Mousus6 the Dwarven Barricade (MDFE)               Turns: 88332, Time: 06:01:36

Health: 269/269    AC: 66    Str: 15    XL:     27
Magic:  58/58      EV:  9    Int: 44    God:    Vehumet [******]
Gold:   12521      SH: 19    Dex: 12    Spells: 14/71 levels left

rFire   + + +        a - staff of conjuration
rCold   + + +        k - +2 shield of Resistance {rF++ rC++ Will++}
rNeg    + + +        K - +14 crystal plate armour {rC+}
rPois   ∞            j - +2 helmet of the Crypt {Harm rElec rC+}
rElec   +            X - +2 cloak of Lonapn {Regen+ Stlth+}
rCorr   .            V - +2 pair of gloves "Laarph" {+Inv rF+ Slay+2}
SInv    .            E - +2 pair of boots "Fybruhus" {rF+++ Will+ Regen+ Str-2}
Will    +++++        F - amulet of Division {RegenMP Rampage +Blink MP+9} Stlth
                     O - ring "Tiwkyi" {Fire Will+ Int+3}
HPRegen 2.24/turn    U - ring of the Catamount {AC+4 Int+6 Dex+3}
MPRegen 0.76/turn

%: slow self (1%), harm (+30% outgoing, +20% incoming), rampage
@: death-form, studying 7 skills
A: vile attack, torment immunity, no potions, runic magic, artefact enchanting,
clever 1, mutation resistance 1, screaming 1
0: Orb of Zot
}: 15/15 runes: barnacled, slimy, silver, golden, iron, obsidian, icy, bone,
abyssal, demonic, glowing, magical, fiery, dark, gossamer
a: Siphon Essence, Begin Untransformation, Renounce Religion, Evoke Blink, Evoke
Invisibility


You escaped.
You worshipped Vehumet.
Vehumet was exalted by your worship.
You were an undying horror.
You visited 18 branches of the dungeon, and saw 88 of its levels.
You visited Pandemonium 1 time, and saw 18 of its levels.
You visited the Abyss 1 time.
You visited 1 bazaar.
You completed 1 ziggurat, and saw 27 of its levels.
You also visited: Sewer, Gauntlet and Ice Cave.

You collected 18081 gold pieces.
You spent 5560 gold pieces at shops.

Inventory:

Hand Weapons
 W - the +3 greatsling "Punk" {acid, rCorr}
   (You found it on level 7 of Tartarus)

   rCorr:     It protects you from acid and corrosion.
Armour
 j - the +2 helmet of the Crypt (worn) {Harm rElec rC+}
   (You found it in a Gauntlet)

   rC+:       It protects you from cold.
   rElec:     It insulates you from electricity.
   Harm:      It increases damage dealt and taken.
 k - the +2 shield of Resistance (worn) {rF++ rC++ Will++}
   (You found it on level 21 of a ziggurat)

   rF++:      It greatly protects you from fire.
   rC++:      It greatly protects you from cold.
   Will++:    It greatly increases your willpower.
 E - the +2 pair of boots "Fybruhus" (worn) {rF+++ Will+ Regen+ Str-2}
   (You found it on level 5 of the Pits of Slime)

   Str-2:     It affects your strength (-2).
   rF+++:     It renders you almost immune to fire.
   Will+:     It increases your willpower.
   Regen+:    It increases your rate of health regeneration.
 K - a +14 crystal plate armour of cold resistance (worn)
 V - the +2 pair of gloves "Laarph" (worn) {+Inv rF+ Slay+2}
   (You found it on level 7 of Tartarus)

   Slay+2:    It affects your accuracy & damage with ranged weapons and melee
   (+2).
   rF+:       It protects you from fire.
   +Inv:      It lets you turn invisible.
 X - the +2 cloak of Lonapn (worn) {Regen+ Stlth+}
   (You found it on level 1 of the Depths)

   Regen+:    It increases your rate of health regeneration.
   Stlth+:    It makes you more stealthy.
Magical Staves
 a - a staff of conjuration (weapon)
 b - the staff "Hehut" {rF+ Dex+5 Stlth+ Fire}
   (You found it on level 12 of a ziggurat)

   [staff of fire]

   Base accuracy: +5 Base damage: 5 Base attack delay: 1.2 This weapon's minimum
   attack delay (0.6) is reached at skill level 12.
   Dex+5:     It affects your dexterity (+5).
   rF+:       It protects you from fire.
   Stlth+:    It makes you more stealthy.
   Fire:      It increases the power of your Fire spells.
   It falls into the 'Staves' category.
   It is a one-handed weapon.
Jewellery
 c - the ring "Wateplia" {+Blink Fly rN+ Will+}
   (You found it on level 20 of a ziggurat)

   [ring of willpower]

   rN+:       It protects you from negative energy.
   Will+:     It increases your willpower.
   Fly:       It grants you flight.
   +Blink:    It lets you blink.
 u - the ring "Nacwer" {rElec rF+ rC+ rCorr Str+3}
   (You took it off a vault sentinel on level 5 of the Vaults)

   [ring of protection from cold]

   Str+3:     It affects your strength (+3).
   rF+:       It protects you from fire.
   rC+:       It protects you from cold.
   rElec:     It insulates you from electricity.
   rCorr:     It protects you from acid and corrosion.
 w - a ring of see invisible
 F - the amulet of Division (around neck) {RegenMP Rampage +Blink MP+9}
   (You found it on level 7 of Tartarus)

   [amulet of magic regeneration]

   RegenMP:   It increases your rate of magic regeneration.
   MP+9:      It affects your magic capacity (+9).
   +Blink:    It lets you blink.
   Rampage:   It bestows one free step when moving towards enemies.
 O - the ring "Tiwkyi" (left hand) {Fire Will+ Int+3}
   (You found it on level 23 of a ziggurat)

   [ring of fire]

   Fire:      It enhances your fire magic.
   Int+3:     It affects your intelligence (+3).
   rF+:       It protects you from fire.
   rC-:       It makes you vulnerable to cold.
   Will+:     It increases your willpower.
 U - the ring of the Catamount (right hand) {AC+4 Int+6 Dex+3}
   (You took it off a yaktaur captain on level 5 of the Vaults)

   [ring of protection]

   AC+4:      It affects your AC (+4).
   Int+6:     It affects your intelligence (+6).
   Dex+3:     It affects your dexterity (+3).
Talismans
 d - the death talisman "Tosyol" (active) {*Slow rElec Str+4 Int+4}
   (You found it on level 13 of a ziggurat)

   [talisman of death]

   Str+4:     It affects your strength (+4).
   Int+4:     It affects your intelligence (+4).
   rElec:     It insulates you from electricity.
   *Slow:     It may slow you when you take damage.
Wands
 G - a wand of digging (75)
 H - a wand of iceblast (161)
 Z - a wand of quicksilver (76)
Scrolls
 e - 4 scrolls of enchant armour
 m - 21 scrolls of immolation
 n - 9 scrolls of fear
 s - 60 scrolls of teleportation
 v - 3 scrolls of enchant weapon
 y - 8 scrolls of torment
 z - 24 scrolls of blinking
 A - 13 scrolls of poison
 D - 9 scrolls of amnesia
 N - 25 scrolls of fog
 Q - 2 scrolls of butterflies
 Y - 6 scrolls of revelation
Potions
 g - 27 potions of curing
 h - 10 potions of lignification
 i - 16 potions of heal wounds
 p - 8 potions of enlightenment
 q - 8 potions of cancellation
 x - 4 potions of haste
 B - 5 potions of invisibility
 I - 3 potions of resistance
 L - 9 potions of magic
 P - 12 potions of might
 R - 23 potions of mutation
 S - 8 potions of ambrosia
 T - 9 potions of brilliance
Miscellaneous
 l - a box of beasts
 r - 2 +1 figurines of a ziggurat
 t - a phantom mirror
 C - a lightning rod (4/4)
 J - a phial of floods
 M - a condenser vane


   Skills:
 - Level 26.0 Fighting
 - Level 12.0 Staves
 O Level 27 Armour
 * Level 14.9 Dodging
 - Level 1.4 Stealth
 O Level 27 Shields
 + Level 22.5 Spellcasting
 + Level 25.7 Conjurations
 O Level 27 Fire Magic
 + Level 16.4 Air Magic
 + Level 25.2 Earth Magic
 - Level 11.9 Evocations
 - Level 23.0 Shapeshifting


You had 14 spell levels left.
You knew the following spells:

 Your Spells              Type           Power      Damage    Failure   Level
a - Lehudib's Crystal Sp  Conj/Erth      80%        10d18     1%          8
b - Blink                 Tloc           98%        N/A       1%          2
c - Chain Lightning       Conj/Air       75%        3d100     4%          9
d - Fire Storm            Conj/Fire      94%        8d24      1%          9
e - Maxwell's Capacitive  Air            57%        ∞         1%          8
f - Ignition              Fire           81%        3d21      1%          8
g - Passage of Golubria   Tloc           49%        N/A       8%          4
s - Shatter               Erth           67%        3d49*     1%          9

Your spell library contained the following spells:

 Spells                   Type           Power      Damage    Failure   Level
 Foxfire                  Conj/Fire      100%       2x1d9     0%          1
 Kiss of Death            Conj/Necr      100%       2d13      0%          1
 Magic Dart               Conj           100%       1d8       0%          1
 Sandblast                Erth           100%       2d20      0%          1
 Sting                    Conj/Alch      100%       1d9       0%          1
 Momentum Strike          Conj/Tloc      100%       3d10      0%          2
 Scorch                   Fire           100%       2d9       0%          2
 Searing Ray              Conj           100%       2d8       0%          2
 Static Discharge         Conj/Air       100%       3-8/arc   0%          2
 Dazzling Flash           Conj/Hex       100%       N/A       0%          3
 Hailstorm                Conj/Ice       100%       3d16      0%          3
 Inner Flame              Hex/Fire       100%       N/A       0%          3
 Mephitic Cloud           Conj/Alch/Air  100%       N/A       0%          3
 Passwall                 Erth           100%       N/A       0%          3
 Stone Arrow              Conj/Erth      100%       3d13      0%          3
 Swiftness                Air            100%       N/A       0%          3
 Volatile Blastmotes      Fire/Tloc      100%       2d18      0%          3
 Airstrike                Air            57%        2d(9-25)  0%          4
 Brom's Barrelling Bould  Conj/Erth      100%       2d11      0%          4
 Flame Wave               Conj/Fire      100%       2d21      0%          4
 Arcjolt                  Conj/Air       75%        1d85      0%          5
 Fireball                 Conj/Fire      94%        3d34      0%          5
 Iskenderun's Battlesphe  Conj           100%       2d15      0%          5
 Lee's Rapid Deconstruct  Erth           67%        3d30*     0%          5
 Bombard                  Conj/Erth      80%        9d13      0%          6
 Conjure Ball Lightning   Conj/Air       75%        3x3d28    0%          6
 Plasma Beam              Fire/Air       75%        2x1d93    0%          6
 Starburst                Conj/Fire      94%        6d23      0%          6
 Orb of Destruction       Conj           80%        9d18      0%          7
 Apportation              Tloc           98%        N/A       1%          1
 Freeze                   Ice            100%       1d10      1%          1
 Necrotise                Necr           100%       1d9       1%          1
 Slow                     Hex            100%       N/A       1%          1
 Summon Small Mammal      Summ           100%       N/A       1%          1
 Call Imp                 Summ           98%        N/A       1%          2
 Cigotuvi's Dreadful Rot  Necr/Alch/Air  100%       N/A       1%          2
 Ensorcelled Hibernation  Hex/Ice        98%        N/A       1%          2
 Jinxbite                 Hex            98%        N/A       1%          2
 Lesser Beckoning         Tloc           98%        N/A       1%          2
 Mercury Vapours          Alch/Air       100%       N/A       1%          2
 Sublimation of Blood     Necr           49%        N/A       1%          2
 Frozen Ramparts          Ice            98%        1d15      1%          3
 Animate Armour           Summ/Erth      100%       N/A       1%          4
 Fulminant Prism          Conj/Alch      63%        3d26      1%          4
 Ignite Poison            Fire/Alch      100%       N/A       1%          4
 Iskenderun's Mystic Bla  Conj/Tloc      100%       2d19      1%          4
 Leda's Liquefaction      Alch/Erth      51%        N/A       1%          4
 Petrify                  Alch/Erth      100%       N/A       1%          4
 Sticky Flame             Fire/Alch      100%       2d15      1%          4
 Summon Blazeheart Golem  Fire/Summ      100%       N/A       1%          4
 Summon Lightning Spire   Summ/Air       89%        N/A       1%          4
 Vhi's Electric Charge    Tloc/Air       100%       N/A       1%          4
 Borgnjor's Vile Clutch   Necr/Erth      51%        N/A       1%          5
 Freezing Cloud           Conj/Ice/Air   65%        6-21      1%          5
 Irradiate                Conj/Alch      63%        3d32      1%          5
 Silence                  Hex/Air        44%        N/A       1%          5
 Spellforged Servitor     Conj/Summ      63%        N/A       1%          7
 Call Canine Familiar     Summ           49%        N/A       2%          3
 Confusing Touch          Hex            49%        N/A       2%          3
 Fugue of the Fallen      Necr           49%        N/A       2%          3
 Gell's Gravitas          Tloc           49%        N/A       2%          3
 Ozocubu's Armour         Ice            49%        N/A       2%          3
 Sigil of Binding         Hex            49%        N/A       2%          3
 Summon Ice Beast         Ice/Summ       49%        N/A       2%          3
 Teleport Other           Tloc           49%        N/A       2%          3
 Tukima's Dance           Hex            49%        N/A       2%          3
 Vampiric Draining        Necr           49%        2d9       2%          3
 Olgreb's Toxic Radiance  Alch           49%        N/A       2%          4
 Yara's Violent Unravell  Hex/Alch       24%        3d11      6%          5
 Anguish                  Hex/Necr       24%        N/A       8%          4
 Animate Dead             Necr           49%        N/A       8%          4
 Cause Fear               Hex            24%        N/A       8%          4
 Dimensional Bullseye     Hex/Tloc       24%        N/A       8%          4
 Dispel Undead            Necr           49%        3d18      8%          4
 Manifold Assault         Tloc           49%        N/A       8%          4
 Martyr's Knell           Necr/Summ      49%        N/A       8%          4
 Alistair's Intoxication  Alch           32%        N/A       22%         5
 Curse of Agony           Necr           49%        N/A       22%         5
 Metabolic Englaciation   Hex/Ice        24%        N/A       22%         5
 Summon Forest            Summ/Tloc      24%        N/A       22%         5
 Summon Mana Viper        Hex/Summ       49%        N/A       22%         5
 Eringya's Noxious Bog    Alch           24%        4d6       30%         6
 Death Channel            Necr           24%        N/A       77%         6
 Dispersal                Tloc           24%        N/A       77%         6
 Sculpt Simulacrum        Ice/Alch       24%        N/A       77%         6
 Summon Cactus Giant      Summ           24%        N/A       77%         6
 Ozocubu's Refrigeration  Ice            24%        4d12      82%         7
 Enfeeble                 Hex            24%        N/A       100%        7
 Haunt                    Necr/Summ      24%        N/A       100%        7
 Monstrous Menagerie      Summ           24%        N/A       100%        7
 Summon Hydra             Summ           24%        N/A       100%        7
 Borgnjor's Revivificati  Necr           24%        N/A       100%        8
 Discord                  Hex            24%        N/A       100%        8
 Disjunction              Tloc           24%        N/A       100%        8
 Infestation              Necr           24%        N/A       100%        8
 Summon Horrible Things   Summ           24%        N/A       100%        8
 Death's Door             Necr           24%        N/A       100%        9
 Dragon's Call            Summ           24%        N/A       100%        9
 Polar Vortex             Ice            24%        12d3*     100%        9


Dungeon Overview and Level Annotations

Branches:
Dungeon (15/15)            Temple (1/1) D:4            Lair (5/5) D:9
 Shoals (4/4) Lair:2       Spider (4/4) Lair:3        Slime (5/5) Lair:5
    Orc (2/2) D:11            Elf (3/3) Orc:2        Vaults (5/5) D:13
  Crypt (3/3) Vaults:3       Tomb (3/3) Crypt:3      Depths (4/4) D:15
   Hell (visited)             Dis (7/7) Hell            Geh (7/7) Hell
    Coc (7/7) Hell            Tar (7/7) Hell            Zot (5/5) Depths:4
  Sewer (visited)           IceCv (visited)         Gauntlet (visited)

Altars:
Ashenzari
Cheibriados
Dithmenos
Elyvilon
Fedhas
Gozag
Hepliaklqana
Kikubaaqudgha
Makhleb
Nemelex Xobeh
Okawaru
Qazlal
Ru
Sif Muna
Trog
Uskayaw
Vehumet
Wu Jian
Xom
Yredelemnul
Zin
The Shining One
Jiyva

Shops:
D:4 *   Orc:1 :   Orc:2 ::*!   Elf:2 ==   Shoals:2 !**([   Shoals:3 !*!*
Vaults:1 [[(   Vaults:5 ?   Depths:3 ([*((   Depths:4 (

Portals:
Hell: Depths:1 Depths:2 Depths:3 Depths:4
Abyss: Depths:3
Pandemonium: Depths:1 Depths:2

Annotations:
D:8 2 transporters, hitsuchi's ghost, novice MDCA
D:11 3 runed translucent doorsdig fd, exclusion: obsidian statue, MacCMillion's ghost, journeyman DjAl
Lair:3 1 runed translucent door, antlorb's ghost, journeyman MDFi
Lair:5 exclusion: obsidian statue
Spider:2 Luntosch's ghost, adept KoCK
Elf:2 3 runed translucent doors
Depths:1 exclusion: iron dragon
Depths:3 flight spiral


Innate Abilities, Weirdness & Mutations

You are an undying horror.
Your melee and unarmed attacks drain, slow and weaken victims.
You are immune to unholy pain and torment.
You cannot drink.
You are immune to poison.
Your spellcasting is much less encumbered by armour.
You can use scrolls of enchantment on lesser artefacts.
Your mind is acute. (Int +4, Str/Dex -1)
You are somewhat resistant to further mutation.
You occasionally shout uncontrollably at your foes.


Message History

Aim: a reaper, wielding a +2 heavy scythe You feel a strong surge of power!
A raging storm of fire appears!
The great blast of fire engulfs the reaper!!!!
You kill the reaper!
Vehumet accepts your kill.
You feel your power returning.
An efreet comes into view.
It is wielding a +4 scimitar of flaming.
Casting: Fire Storm (mildly dangerous; 1% risk of failure)
Confirm with . or Enter, or press ? or * to list all spells.
Aiming: Fire Storm (mildly dangerous; 1% risk of failure)
Press: ? - help, Dir - move target, f - efreet
Aim: an efreet, wielding a +4 scimitar of flaming You feel a strong surge of power!
A raging storm of fire appears!
The great blast of fire engulfs the efreet!!!
The efreet partially resists.
You kill the efreet!
Vehumet accepts your kill.
You feel your power returning.
Magic restored.
A hell beast comes into view.
There is a stone staircase leading up here.
You climb upwards.
There is a stone staircase leading down, spattered with blood here.
There is a stone staircase leading up here.
You climb upwards.
A tormentor comes into view.
There is a stone staircase leading down here.
You rampage towards the tormentor!
You hit the tormentor.
The tormentor decays.
You blast the tormentor!!
The tormentor is almost dead.
You hit the tormentor but do no damage.
The tormentor is almost dead.
You hit the tormentor but do no damage.
You blast the tormentor!
You kill the tormentor!
Vehumet accepts your kill.
There is a stone staircase leading up here.
You climb upwards.
There is a stone staircase leading down here.
There is a staircase leading out of the dungeon here.
You have escaped!

.......# #.# ####.#.#######.#
######## #.# ##)## ##.#### #.#
#.##### #...... ##########.#
######....# #..####
...........# ##~##~####.# #..#
.#########.###~P~~P~###.###..#
.# #..#~PßPPßP~#...##..# .#
##.##~P..P.###.#.#..#### .#
#.....z................ .#
####~♣..P.####..#..###. .#
#~♣ß♣PßP~#...##..# #. .##
##~♣~~P~####.##..# #. ..#####
##~##~##........###. ......#
######.....)....... ..###.#
#...#.....###.###. ......#
#.#.#.†..## #.# #. ####..#
#.#.##.#.## #.# #.


There were no monsters in sight!

Vanquished Creatures
  Cerebov (Pan)
  Antaeus (Coc:7)
  Asmodeus (Geh:7)
  the Royal Jelly (Slime:5)
  Gloorx Vloq (Pan)
  Ereshkigal (Tar:7)
  the Serpent of Hell (Geh:7)
  Lom Lobon (Pan)
  A seraph (D:8)
  Mnoleg (Pan)
  15 dread liches
  Dispater (Dis:7)
  12 ancient liches
  7 orbs of fire (Zot:5)
  Mennas (Pan)
  Khufu (Tomb:1)
  14 juggernauts
  12 pandemonium lords
  35 royal mummies
  Vv (Depths:3)
  Sojobo (Crypt:3)
  The ghost of Visuc the Gargoyle Barricade, a master GrBe of Trog (Zot:2)
  21 shard shrikes
  Bai Suzhen (Vaults:4)
  Saint Roka (Vaults:1)
  11 Killer Klowns
  28 caustic shrikes
  Margery (Vaults:4)
  The ghost of jlumianski the Warrior, a veteran KoBe of Trog (Vaults:1)
  Geryon (Hell)
  Jory (Crypt:3)
  13 golden dragons
  4 curse toes
  7 profane servitors
  Nikola (Spider:4)
  Norris (Depths:1)
  20 bone dragons
  Arachne (Spider:2)
  18 Tzitzimimeh
  A shard shrike zombie (Geh:6)
  13 iron giants
  4 electric golems
  Zenata (Vaults:1)
  30 Brimstone Fiends
  18 hellephants
  Rupert (Lair:5)
  8 doom hounds
  26 tentacled monstrosities
  A spectral shard shrike (Tar:3)
  33 Ice Fiends
  21 Hell Sentinels
  16 tainted leviathans
  29 titans
  25 Orb Guardians (Zot:5)
  5 deep elf blademasters
  2 sphinxes (shapeshifter) (Zig:21)
  A walking crystal tome (Depths:2)
  36 acid blobs
  38 searing wretches
  Grunn (Depths:3)
  5 deep elf master archers
  Asterion (Vaults:3)
  16 liches
  42 ancient champions
  26 Executioners
  8 death cobs
  10 quicksilver dragons
  15 sphinxes
  4 tentacled starspawn (Zig:11)
  Kirke (D:12)
  Donald (Vaults:3)
  A thorn hunter (Zig:24)
  2 nagarajas (Zig:18)
  8 shadow dragons
  11 tengu reavers
  14 storm dragons
  13 rockslimes
  10 fenstrider witches
  A daeva (D:8)
  18 vault wardens
  15 protean progenitors
  8 draconian monks
  26 revenants
  A frost giant (shapeshifter) (Zig:21)
  6 draconian knights
  36 azure jellies
  Ilsuiw (Shoals:4)
  7 demonspawn warmongers
  51 narguns
  8 quicksilver elementals
  30 fire giants
  8 draconian scorchers
  2 caustic shrike zombies
  9 iron dragons
  7 emperor scorpions
  4 deep elf elementalists
  5 deep elf sorcerers
  23 frost giants
  10 draconian shifters
  5 shard shrike simulacra
  6 ghost moths
  8 ghouls
  43 balrugs
  23 cacodemons
  An angel (D:8)
  16 curse skulls
  A spectral caustic shrike (Tar:4)
  Louise (Shoals:3)
  9 draconian stormcallers
  4 orc warlords
  9 broodmothers
  6 draconian annihilators
  4 juggernaut zombies
  25 reapers
  11 quicksilver oozes
  4 demonspawn corrupters
  6 demonspawn blood saints
  17 stone giants
  15 ironbound preservers
  2 juggernaut skeletons (Pan)
  2 caustic shrike skeletons (Tar:7)
  10 ironbound thunderhulks
  3 spriggan defenders
  7 formless jellyfish
  33 elemental wellsprings
  11 deep elf demonologists
  26 vampire knights
  8 eleionomae
  16 putrid mouths
  A black draconian (shapeshifter) (Zig:21)
  9 deep elf annihilators
  23 very ugly things
  4 demonspawn black suns (Pan)
  8 green draconians
  34 wendigos
  7 lorocyprocas
  14 white draconians
  8 bennus
  34 war gargoyles
  12 red draconians
  13 yellow draconians
  14 deep elf death magi
  22 dire elephants
  15 black draconians
  A minotaur (Gauntlet)
  11 purple draconians
  16 spark wasps
  13 blizzard demons
  27 iron golems
  22 ettins
  7 crystal guardians
  2 spectral quicksilver dragons
  29 eidola
  12 merfolk impalers
  A spectral iron giant (Tar:7)
  19 mummy priests
  3 fire dragons
  7 shambling mangroves
  4 entropy weavers
  7 merfolk javelineers
  15 deep elf high priests
  23 green deaths
  2 quicksilver dragon zombies (Tar:7)
  17 jiangshi
  16 yaktaur captains
  7 rakshasas
  9 great orbs of eyes
  A quicksilver dragon skeleton (Crypt:3)
  3 hell beasts
  A spectral spriggan (Tar:3)
  3 servants of whispers (Zig:22)
  39 vault guards
  Erolcha (D:9)
  19 salamander tyrants
  5 peacekeepers
  11 ice dragons
  A spectral tengu (Tar:1)
  10 spriggan air magi
  A fenstrider witch zombie (Crypt:2)
  12 caustic shrike simulacra
  5 ogre magi
  8 alligators
  3 radroaches
  10 centaur warriors
  9 hydras
  11 ironbound frosthearts
  5 merfolk avatars
  Erica (D:9)
  A catoblepas (Lair:2)
  5 juggernaut simulacra
  8 boulder beetles
  A death knight (Crypt:3)
  12 two-headed ogres
  8 merfolk aquamancers
  9 stokers
  21 dancing weapons
  6 jorogumos
  3 spectral draconians (Zot:2)
  4 satyrs
  An alligator snapping turtle (shapeshifter) (Zig:21)
  A naga warrior (Zig:18)
  2 spriggan skeletons
  A two-headed ogre (shapeshifter) (Depths:3)
  7 deep troll shamans
  A tengu warrior (D:13)
  67 death scarabs
  16 deep troll earth magi
  10 demonic crawlers
  40 hell hogs
  3 occultists
  4 shock serpents
  26 vampire magi
  6 spriggan berserkers
  17 death yaks
  6 orc high priests
  A thrashing horror (Zig:12)
  A spectral emperor scorpion (Spider:2)
  A titan skeleton (Crypt:3)
  19 deep elf knights
  9 hell knights
  14 crystal echidnas
  32 soul eaters
  2 spectral purple draconians (Zot:2)
  2 wretched stars (Zig:12)
  A spectral death yak (Lair:5)
  42 sun demons
  14 pharaoh ants
  38 shadow wraiths
  15 iron trolls
  7 skysharks
  A spatial maelstrom (Zig:11)
  2 spectral anacondas
  A hellephant skeleton (Pan)
  A skyshark (shapeshifter) (Zig:21)
  43 deep trolls
  An iron troll (shapeshifter) (Zig:21)
  17 sixfirhies
  3 goliath frogs
  Lodul (D:14)
  A salamander mystic (Depths:4)
  11 sea snakes
  A death drake (shapeshifter) (Vaults:5)
  4 quicksilver dragon simulacra
  A spectral bunyip (Geh:2)
  An anaconda zombie (Hell)
  8 glowing orange brains
  24 skeletal warriors
  5 arcanists
  A bunyip zombie (Tomb:1)
  4 spriggan druids
  5 swamp dragons
  2 deep trolls (shapeshifter) (Vaults:5)
  9 steelbarb worms
  11 flayed ghosts
  14 orb spiders
  6 sun moths
  17 shadow demons
  A golden dragon skeleton (Tar:7)
  4 bog bodies
  7 lindwurms
  5 spectral iron dragons
  2 bunyip skeletons
  An anaconda skeleton (Geh:6)
  A naga ritualist (Zig:1)
  Pikel (D:9)
  12 harpies
  26 deep elf pyromancers
  A steelbarb worm (shapeshifter) (Zig:21)
  A mana viper (shapeshifter) (Vaults:3)
  9 deep elf archers
  A shock serpent (shapeshifter) (Zig:21)
  A kraken simulacrum (Shoals:4)
  21 orc knights
  4 orange crystal statues
  12 phantasmal warriors
  A spectral wolf spider (Spider:2)
  A spectral hydra (Tar:2)
  17 ironbound convokers
  An obsidian statue (Depths:3)
  6 starcursed masses
  20 fauns
  2 sphinx simulacra (Zig:27)
  A wolf spider (shapeshifter) (Zig:21)
  A stone giant zombie (Crypt:3)
  21 deep elf zephyrmancers
  19 wolf spiders
  A faun (shapeshifter) (Zig:17)
  2 salamanders (Depths:4)
  A shadow dragon skeleton (Crypt:3)
  13 shining eyes
  17 cyclopes
  24 necromancers
  14 manticores
  A human zombie (Tomb:1)
  10 orc sorcerers
  A cyclops (shapeshifter) (Zig:21)
  4 will-o-the-wisps
  A worldbinder (Zig:11)
  37 moths of wrath
  Maurice (D:12)
  A spectral centaur (Tar:1)
  25 ugly things
  3 centaur zombies
  2 iron dragon skeletons
  A meliai (Zig:18)
  A manticore (shapeshifter) (Vaults:5)
  13 merfolk sirens
  A moth of wrath (shapeshifter) (Zig:21)
  A black mamba (shapeshifter) (Elf:1)
  9 titan simulacra
  Joseph (D:10)
  A human skeleton (Tomb:2)
  3 kobold blastminers (Orc:2)
  2 guardian serpents (Zig:18)
  A dire elephant zombie (Tar:7)
  23 elephants
  7 black mambas
  19 vault sentinels
  A spectral alligator snapping turtle (Tar:2)
  2 stone giant skeletons
  5 apocalypse crabs (Zig:21)
  6 eyes of devastation
  4 rust devils
  33 smoke demons
  15 water nymphs
  9 ice statues
  A naga mage (Zig:18)
  9 molten gargoyles (Geh:7)
  4 dire elephant skeletons
  9 orange demons
  14 cane toads
  4 torpor snails
  21 large abominations
  2 emperor scorpion simulacra (Spider:2)
  40 hellions
  3 rime drakes
  31 yaktaurs
  3 kobold demonologists
  2 bunyip simulacra
  23 freezing wraiths
  10 swamp worm zombies (Crypt:2)
  2 komodo dragons (shapeshifter)
  10 komodo dragons
  28 tormentors
  6 efreet
  An alligator snapping turtle skeleton (Tomb:1)
  A yaktaur (shapeshifter) (Zig:21)
  5 ancient zymes
  Jeremiah (D:7)
  9 ice devils
  A sea snake zombie (Crypt:3)
  2 tengu conjurers
  A catoblepas zombie (Crypt:2)
  7 spectral nagas
  A spectral two-headed ogre (Tar:1)
  2 ghost moth simulacra (Spider:2)
  2 silent spectres
  2 iron giant simulacra
  3 anaconda simulacra
  A golden dragon simulacrum (Coc:2)
  A spectral harpy (Geh:2)
  36 guardian mummies
  3 harpy zombies
  5 spectral moths of wrath (Zot:2)
  A death drake zombie (Crypt:1)
  A green draconian skeleton (Crypt:3)
  14 hellwings (Pan)
  6 red devils
  2 bloated husks
  A sea snake skeleton (Crypt:2)
  2 grey draconian skeletons
  33 merfolk
  21 hornets
  A merfolk (shapeshifter) (Vaults:5)
  5 polar bears
  A queen bee (shapeshifter) (Elf:1)
  4 trolls
  A tyrant leech (Pan)
  6 wind drakes
  23 tarantellas
  A glass eye (shapeshifter) (Vaults:5)
  A wolf spider simulacrum (Spider:2)
  A harpy skeleton (D:15)
  20 blink frogs
  A dream sheep (shapeshifter) (Zig:21)
  17 dream sheep
  3 raiju
  6 snapping turtles
  11 glass eyes
  An iron dragon simulacrum (Coc:1)
  A draconian simulacrum (Zot:2)
  3 centaur simulacra
  124 slime creatures
  A spectral elephant (Lair:5)
  A culicivora (shapeshifter) (Vaults:5)
  A human simulacrum (Vaults:5)
  36 jumping spiders
  23 culicivoras
  2 ettin zombies
  A black mamba zombie (Crypt:3)
  22 water elementals
  An ice dragon skeleton (Crypt:1)
  A shadow (D:9)
  5 wraiths
  14 ynoxinuls
  2 air elementals
  An ettin skeleton (Geh:6)
  10 spriggans
  4 wyverns
  5 vampires
  4 dire elephant simulacra
  A fire dragon skeleton (Crypt:3)
  38 yaks
  2 fire elementals
  3 fire bats (Pan)
  A yak (shapeshifter) (Elf:1)
  6 basilisks
  62 redbacks
  19 ushabtiu
  13 golden eyes
  2 wargs (Orc:2)
  A red draconian simulacrum (Zot:2)
  2 alligator snapping turtle simulacra
  A golden eye (shapeshifter) (D:14)
  5 hogs (D:12)
  20 neqoxecs
  24 vampire mosquitoes
  15 chaos spawn
  4 death yak simulacra
  3 swamp worms (Pan)
  3 naga zombies
  A glowing shapeshifter zombie (Crypt:1)
  2 spectral cane toads (Lair:5)
  A merfolk zombie (Crypt:3)
  A naga (Zig:1)
  21 harpy simulacra
  8 water moccasins
  A cane toad zombie (Crypt:2)
  4 hydra simulacra
  A two-headed ogre zombie (Crypt:1)
  A swamp worm (shapeshifter) (Zig:17)
  An acid dragon (D:12)
  Duvessa (D:7)
  4 hell hounds (Hell)
  A naga skeleton (Tomb:2)
  A demonspawn skeleton (Tomb:2)
  4 black bears
  A cane toad skeleton (Crypt:2)
  2 sky beasts (D:7)
  12 orc warriors
  21 laughing skulls
  3 ettin simulacra
  3 ice beasts
  20 ogres
  An ice dragon simulacrum (Coc:1)
  17 centaurs
  3 boggarts (D:14)
  14 wolves
  4 elephant skeletons (Lair:5)
  A manticore skeleton (Crypt:1)
  2 lemures (D:9)
  A phantom (D:6)
  8 kobold brigands
  2 elf zombies
  6 weeping skulls (Abyss:3)
  Blork the orc (D:4)
  18 bullfrogs
  4 scorpions
  2 two-headed ogre simulacra (IceCv)
  28 small abominations (Abyss:3)
  3 earth elementals
  A draconian skeleton (Crypt:2)
  8 cane toad simulacra
  2 entropy weaver simulacra (Spider:2)
  A glowing shapeshifter simulacrum (Zig:27)
  4 wights (D:8)
  Dowan (D:7)
  A troll zombie (Crypt:3)
  5 killer bees (D:11)
  4 spriggan zombies
  An elephant simulacrum (IceCv)
  3 electric eels
  A howler monkey (D:7)
  4 bombardier beetles
  A raiju skeleton (Crypt:2)
  A wolf zombie (Crypt:1)
  4 hounds
  17 orc priests
  A bullfrog zombie (Crypt:3)
  3 gnoll boudas
  A jelly (D:7)
  4 iguanas
  22 orc wizards
  A troll simulacrum (IceCv)
  18 hell rats
  8 spriggan simulacra
  A wolf simulacrum (IceCv)
  38 mummies
  13 gnolls
  11 adders
  8 naga simulacra
  9 white imps
  3 ufetubi (Gauntlet)
  11 dart slugs
  4 ribbon worms
  41 orcs
  12 ball pythons
  4 bats
  17 endoplasms
  15 giant cockroaches
  7 goblins
  5 hobgoblins
  7 jackals
  2 quokkas
  A ball python zombie (Crypt:2)
  14 frilled lizards
  A hobgoblin zombie (Crypt:2)
  31 kobolds
  3 rats
  24 aspiring fleshes
  2 ball lightnings (Pan)
  4 creeping infernos
  4 tentacles (Shoals:4)
4806 creatures vanquished.

Vanquished Creatures (collateral kills)
  2 royal mummies (Tomb:1)
  A Killer Klown (Zot:5)
  A golden dragon (Vaults:5)
  2 profane servitors
  2 Tzitzimimeh
  An acid blob (Slime:2)
  3 ancient champions
  A rockslime (Slime:3)
  A formless jellyfish (Slime:5)
  A war gargoyle (Vaults:5)
  An eidolon (Zig:20)
  A death scarab (Tomb:1)
  2 skeletal warriors (Crypt:3)
  A shining eye (Abyss:3)
  A moth of wrath (Zig:18)
  2 slime creatures (Slime:4)
  A golden eye (Slime:3)
  A small abomination (Abyss:3)
  An iguana (D:5)
  A tengu skeleton (Crypt:2)
  A mummy (Tomb:1)
  A hobgoblin skeleton (Crypt:3)
  2 aspiring fleshes
31 creatures vanquished.

Vanquished Creatures (others)
  A pandemonium lord (Zig:21)
  2 demonspawn blood saints (Pan)
  A reaper (Hell)
  An elemental wellspring (Coc:5)
  A blizzard demon (Pan)
  A stoker (Hell)
  A shock serpent (shapeshifter) (Zig:21)
  A sun moth (Zig:18)
  A spriggan simulacrum (Zig:27)
  A stone giant simulacrum (Coc:7)
  A slime creature (Abyss:3)
  A jumping spider (Spider:4)
  A ynoxinul (Pan)
  3 fire bats
  A dire elephant simulacrum (Coc:7)
  A neqoxec (Pan)
  A redback (Spider:4)
  A harpy simulacrum (Coc:7)
  A ball lightning (Pan)
  645 fire vortices
  385 foxfires
1052 creatures vanquished.

Grand Total: 5889 creatures vanquished

Notes
Turn   | Place    | Note
-------+----------+-------------------------------------------
     0 | D:1      | Mousus6 the Mountain Dwarf Fire Elementalist began the
                  | quest for the Orb.
     0 | D:1      | Reached XP level 1. HP: 14/14 MP: 3/3
    35 | D:1      | Reached skill level 1 in Conjurations
   200 | D:1      | Reached XP level 2. HP: 22/22 MP: 0/4
   203 | D:1      | Learned a level 2 spell: Scorch
   540 | D:1      | Reached XP level 3. HP: 27/27 MP: 4/6
   565 | D:1      | Reached skill level 1 in Fighting
  1156 | D:2      | Reached XP level 4. HP: 35/35 MP: 1/7
  1162 | D:2      | Learned a level 4 spell: Flame Wave
  1822 | D:3      | Reached skill level 5 in Fire Magic
  1822 | D:3      | Reached XP level 5. HP: 41/41 MP: 1/8
  2161 | D:3      | Noticed an ogre
  2168 | D:3      | Killed an ogre
  2474 | D:3      | Reached XP level 6. HP: 13/48 MP: 0/9
  2869 | D:4      | Noticed Blork the orc
  3024 | D:4      | Killed Blork the orc
  3091 | D:4      | Found Quhu's General Store.
  3097 | D:4      | Bought a scroll of identify for 24 gold pieces
  3301 | D:4      | Reached XP level 7. HP: 56/56 MP: 7/11
  3564 | D:4      | Found a staircase to the Ecumenical Temple.
  3590 | Temple   | Entered the Ecumenical Temple
  3610 | Temple   | Became a worshipper of Vehumet
  3745 | D:5      | Entered Level 5 of the Dungeon
  3974 | D:5      | Reached XP level 8. HP: 56/66 MP: 3/13
  3984 | D:5      | Found a glowing drain.
  3988 | Sewer    | Entered a sewer
  4153 | Sewer    | Reached * piety under Vehumet
  4153 | Sewer    | Offered knowledge of Freeze by Vehumet.
  4188 | Sewer    | Reached skill level 5 in Conjurations
  4626 | Sewer    | Reached ** piety under Vehumet
  4635 | Sewer    | Offered knowledge of Magic Dart by Vehumet.
  4813 | D:5      | Learned a level 2 spell: Blink
  5281 | D:6      | Identified the +1 war axe "Juusiaril" {flame, rN++ Will-
                  | Int+8 Dex-4}
  5350 | D:6      | Reached skill level 1 in Armour
  5351 | D:6      | Offered knowledge of Dazzling Flash by Vehumet.
  5577 | D:6      | Reached *** piety under Vehumet
  5578 | D:6      | Reached XP level 9. HP: 65/73 MP: 7/15
  5598 | D:6      | Reached skill level 5 in Fighting
  6600 | D:7      | Noticed Jeremiah
  6601 | D:7      | Found a white marble altar of Elyvilon.
  6614 | D:7      | Killed Jeremiah
  6698 | D:7      | Noticed Duvessa
  6707 | D:7      | Killed Duvessa
  6710 | D:7      | Noticed Dowan
  6762 | D:7      | Killed Dowan
  6826 | D:7      | Offered knowledge of Hailstorm by Vehumet.
  6827 | D:7      | Reached skill level 10 in Fire Magic
  7420 | D:8      | Noticed hitsuchi's ghost (novice MDCA)
  7456 | D:8      | Found a transporter.
  7460 | D:8      | Found a transporter.
  7503 | D:8      | Reached skill level 5 in Spellcasting
  7503 | D:8      | Reached XP level 10. HP: 83/83 MP: 11/17
  7830 | D:8      | Found a glowing golden altar of the Shining One.
  7882 | D:8      | Reached **** piety under Vehumet
  8377 | D:4      | Bought a phial of floods for 480 gold pieces
  8595 | D:9      | Noticed Pikel
  8614 | D:9      | Killed Pikel
  8677 | D:9      | Noticed Erica
  8685 | D:9      | Killed Erica
  8697 | D:9      | Reached skill level 5 in Armour
  8852 | D:9      | Offered knowledge of Fireball by Vehumet.
  8859 | D:9      | Learned a level 5 spell: Fireball
  8920 | D:9      | Noticed Erolcha
  8926 | D:9      | Killed Erolcha
  9009 | D:9      | Found a staircase to the Lair.
  9197 | D:9      | Identified the +0 leather armour of Protective Custody
                  | {rPois Int+4}
  9380 | D:10     | Entered Level 10 of the Dungeon
  9380 | D:10     | Noticed Joseph
  9385 | D:10     | Killed Joseph
  9386 | D:10     | Reached XP level 11. HP: 61/92 MP: 12/19
  9768 | D:10     | Noticed a two-headed ogre
  9777 | D:10     | Killed a two-headed ogre
 10612 | D:11     | Identified the +1 robe of Inaction {rC+ rN+ MP+9 Dex+2}
 10851 | D:11     | Found a runed translucent gate.
 10851 | D:11     | Found a runed translucent gate.
 10851 | D:11     | Found a runed translucent gate.
 10852 | D:11     | Found an opulent altar of Gozag.
 10852 | D:11     | Noticed an obsidian statue
 10853 | D:11     | Noticed MacCMillion's ghost (journeyman DjAl)
 11020 | D:11     | Found a staircase to the Orcish Mines.
 12013 | D:12     | Noticed a deep elf pyromancer
 12018 | D:12     | Killed a deep elf pyromancer
 12078 | D:12     | Found a snail-covered altar of Cheibriados.
 12114 | D:12     | Noticed Maurice
 12119 | D:12     | Killed Maurice
 12522 | Lair:1   | Entered Level 1 of the Lair of Beasts
 12872 | Lair:1   | Reached skill level 10 in Conjurations
 12872 | Lair:1   | Reached XP level 12. HP: 90/103 MP: 14/21
 13952 | Lair:1   | You fall into a shaft and drop 1 floor!
 14162 | Lair:2   | Found a frozen archway.
 14183 | IceCv    | Entered an ice cave
 14240 | IceCv    | Reached ***** piety under Vehumet
 14240 | IceCv    | Offered knowledge of Iskenderun's Mystic Blast by Vehumet.
 14903 | IceCv    | Noticed a reaper
 14908 | IceCv    | Killed a reaper
 15480 | Lair:2   | Reached XP level 13. HP: 97/111 MP: 9/24
 16053 | Lair:2   | Found a staircase to the Shoals.
 16185 | Lair:2   | Reached skill level 15 in Fire Magic
 16730 | Lair:3   | Reached skill level 10 in Fighting
 16919 | Lair:3   | Found a runed translucent door.
 16923 | Lair:3   | Noticed antlorb's ghost (journeyman MDFi)
 16982 | Lair:3   | Reached skill level 1 in Shields
 17349 | Lair:3   | Found a hole to the Spider Nest.
 17749 | Lair:3   | Offered knowledge of Starburst by Vehumet.
 17758 | Lair:3   | Learned a level 6 spell: Starburst
 17768 | Lair:3   | Learned a level 7 spell: Orb of Destruction
 18142 | Lair:4   | Reached XP level 14. HP: 122/122 MP: 24/26
 19025 | Lair:5   | Entered Level 5 of the Lair of Beasts
 19209 | Lair:5   | Noticed Rupert
 19398 | D:4      | Bought a staff of conjuration for 300 gold pieces
 19707 | Lair:5   | Offered knowledge of Eringya's Noxious Bog by Vehumet.
 19892 | Lair:5   | Found a viscous altar of Jiyva.
 19893 | Lair:5   | Found a staircase to the Slime Pits.
 19955 | Lair:5   | Reached skill level 10 in Armour
 19994 | Lair:5   | Killed Rupert
 20800 | Lair:5   | Reached skill level 5 in Shields
 21304 | Lair:5   | Reached skill level 1 in Evocations
 21712 | Lair:5   | Reached XP level 15. HP: 130/130 MP: 18/27
 22214 | Orc:1    | Entered Level 1 of the Orcish Mines
 22495 | Orc:1    | Found Naetoq's Self-Improvement Boutique.
 22868 | Orc:2    | Entered Level 2 of the Orcish Mines
 22926 | Orc:2    | Found a staircase to the Elven Halls.
 22976 | Orc:2    | Reached ****** piety under Vehumet
 23714 | Orc:2    | Offered knowledge of Plasma Beam by Vehumet.
 23777 | Orc:2    | Paralysed by something for 5 turns
 24786 | Orc:2    | Found Nudeczau's Distillery.
 25029 | Orc:2    | Found Huzxuorr's Assorted Antiques.
 25034 | Orc:2    | Found Jugawuade's Book Shoppe.
 25038 | Orc:2    | Bought 2 smoky emerald potions for 52 gold pieces
 25038 | Orc:2    | Bought a green potion for 26 gold pieces
 25041 | Orc:2    | Found Cokhlejom's Book Shoppe.
 25051 | Orc:2    | Bought a potion of might for 68 gold pieces
 25051 | Orc:2    | Bought a potion of mutation for 136 gold pieces
 25061 | Orc:2    | Bought an Everburning Encyclopedia for 570 gold pieces
 25382 | D:12     | Noticed Kirke
 25388 | D:12     | Killed Kirke
 26476 | D:13     | Found a gate to the Vaults.
 27729 | D:14     | Offered knowledge of Freezing Cloud by Vehumet.
 28432 | D:14     | Noticed Lodul
 28435 | D:14     | Killed Lodul
 28789 | D:15     | Entered Level 15 of the Dungeon
 28861 | D:15     | Found a gate leading to a gauntlet.
 28870 | Gauntlet | Entered a Gauntlet
 28870 | Gauntlet | Found a transporter.
 28883 | Gauntlet | Found a transporter.
 28897 | Gauntlet | Found a transporter.
 28902 | Gauntlet | Found a transporter.
 28919 | Gauntlet | Found a transporter.
 28934 | Gauntlet | Found a transporter.
 28949 | Gauntlet | Found a transporter.
 28961 | Gauntlet | Found a transporter.
 28973 | Gauntlet | Found a transporter.
 28985 | Gauntlet | Found a transporter.
 29004 | Gauntlet | Found a transporter.
 29019 | Gauntlet | Found a transporter.
 29021 | Gauntlet | Found a transporter.
 29047 | Gauntlet | Found a transporter.
 29049 | Gauntlet | Found a transporter.
 29051 | Gauntlet | Found a transporter.
 29075 | Gauntlet | Found a transporter.
 29096 | Gauntlet | Found a transporter.
 29099 | Gauntlet | Reached XP level 16. HP: 140/140 MP: 22/29
 29195 | Gauntlet | Identified the ring of Ypo Peydut {^Drain Fly rC+++ rCorr
                  | SInv}
 29318 | Gauntlet | Identified the +1 helmet of the Crypt {Harm rElec rC+}
 29376 | Gauntlet | Identified the amulet "Bulanope" {Faith Harm rElec rN+
                  | Stlth+}
 29391 | Gauntlet | Identified the +2 ring mail of the First Orbs {Harm Will+
                  | MP+9}
 30592 | Abyss:3  | Cast into level 3 of the Abyss (an occultist)
 30593 | Abyss:3  | Found a corrupted altar of Lugonu.
 30616 | Abyss:3  | Found a corrupted altar of Lugonu.
 30631 | Abyss:3  | Noticed an Executioner
 30635 | Abyss:3  | Reached skill level 5 in Evocations
 30639 | Abyss:3  | Killed an Executioner
 30719 | Abyss:3  | Found a corrupted altar of Lugonu.
 30756 | Abyss:3  | Found a corrupted altar of Lugonu.
 30764 | Abyss:3  | Offered knowledge of Spellforged Servitor by Vehumet.
 30773 | Abyss:3  | Got an abyssal rune of Zot
 30788 | Abyss:3  | Found a corrupted altar of Lugonu.
 30795 | D:15     | Escaped the Abyss
 30986 | D:15     | Learned a level 8 spell: Ignition
 31941 | D:15     | Found a staircase to the Depths.
 32212 | Spider:1 | Entered Level 1 of the Spider Nest
 32340 | Spider:1 | Reached skill level 10 in Spellcasting
 33646 | Spider:1 | Offered knowledge of Maxwell's Capacitive Coupling by
                  | Vehumet.
 33849 | Spider:1 | Identified a scroll of acquirement
 33850 | Spider:1 | Acquired a staff of fire
 34302 | Spider:2 | Found a transporter.
 34308 | Spider:2 | Noticed Luntosch's ghost (adept KoCK)
 34344 | Spider:2 | Found a transporter.
 34650 | Spider:2 | Reached XP level 17. HP: 71/150 MP: 11/31
 35258 | Spider:2 | Noticed Arachne
 35263 | Spider:2 | Killed Arachne
 35755 | Spider:2 | Identified the amulet of Absolutism {RegenMP rPois}
 36680 | Spider:3 | Offered knowledge of Fire Storm by Vehumet.
 36680 | Spider:3 | Offered knowledge of Chain Lightning by Vehumet.
 36680 | Spider:3 | Offered knowledge of Polar Vortex by Vehumet.
 36760 | Spider:3 | Identified the +1 ring mail of Leijem {rF+}
 37481 | Spider:4 | Entered Level 4 of the Spider Nest
 37492 | Spider:4 | Noticed Nikola
 37740 | Spider:4 | Killed Nikola
 37843 | Spider:4 | Identified the +2 arbalest "Uxoz" {penet, rC+ Str-4 Dex+3
                  | SInv}
 38112 | Spider:4 | Identified the +3 short sword "Loopy" {flame, rElec Str+3
                  | Int-3}
 38515 | Spider:4 | Reached skill level 10 in Shields
 39121 | Spider:4 | Reached XP level 18. HP: 143/160 MP: 5/32
 39214 | Spider:4 | Got a gossamer rune of Zot
 39217 | Spider:4 | Identified the +0 hat of Vumuirun {rElec rF+}
 39481 | Shoals:1 | Entered Level 1 of the Shoals
 40326 | Shoals:1 | Reached skill level 15 in Conjurations
 40371 | Shoals:1 | Learned a level 9 spell: Fire Storm
 40601 | Shoals:2 | Found Otusus's Distillery.
 40609 | Shoals:2 | Bought a potion of curing for 48 gold pieces
 40609 | Shoals:2 | Bought a potion of heal wounds for 80 gold pieces
 40609 | Shoals:2 | Bought 2 potions of brilliance for 128 gold pieces
 41145 | Shoals:2 | Found Ziakyoxi's Visitors' Centre.
 41155 | Shoals:2 | Found Ziakyoxi's Merfolk Magic.
 41156 | Shoals:2 | Found Ziakyoxi's Merfolk Armours.
 41158 | Shoals:2 | Found Ziakyoxi's Merfolk Weapons.
 41300 | Shoals:2 | Bought a +1 cloak for 172 gold pieces
 41300 | Shoals:2 | Bought a +1 pair of boots for 172 gold pieces
 41501 | Shoals:3 | Noticed Louise
 41511 | Shoals:3 | Killed Louise
 41547 | Shoals:3 | Found Kiulod's Distillery.
 41566 | Shoals:3 | Found Xoitrap's General Store.
 41596 | Shoals:3 | Bought a potion of resistance for 140 gold pieces
 41735 | Shoals:3 | Found Gural's Distillery.
 41743 | Shoals:3 | Bought a potion of heal wounds for 85 gold pieces
 41770 | Shoals:3 | Found Sabberefeg's Assorted Antiques.
 41787 | Shoals:3 | Bought a purple potion for 18 gold pieces
 41787 | Shoals:3 | Reached XP level 19. HP: 168/168 MP: 34/34
 41788 | Shoals:3 | Bought an ancient helmet for 199 gold pieces
 41788 | Shoals:3 | Identified the +0 helmet of the Guardian {+Inv rElec rPois
                  | Str-2} (You bought it in a shop on level 3 of the Shoals)
 41920 | Shoals:4 | Entered Level 4 of the Shoals
 42571 | Shoals:4 | Noticed Ilsuiw
 42575 | Shoals:4 | Killed Ilsuiw
 42576 | Shoals:4 | Reached skill level 15 in Armour
 42669 | Shoals:4 | Reached skill level 15 in Fighting
 42777 | Shoals:4 | Identified the staff "Ryoll" {rN+ rCorr Str+9 Necro}
 42798 | Shoals:4 | Reached XP level 20. HP: 178/178 MP: 31/35
 42807 | Shoals:4 | Found the +12 glaive of Prune {freeze, Prune}
 43089 | Shoals:4 | Got a barnacled rune of Zot
 43410 | Elf:1    | Entered Level 1 of the Elven Halls
 43817 | Elf:1    | Identified the +6 falchion "Cobb" {flame, *Slow rElec Int+6
                  | Dex+2}
 43911 | Elf:1    | Got Sif Muna's Octavo of the Swarm
 44199 | Elf:1    | Got Pomiet's Incunable of the Decanter
 44213 | Elf:1    | Identified the +8 halberd of Hospitality {flame, rF- Will-
                  | rCorr Dex+9}
 44890 | Elf:2    | Found Zaejeim's Book Shop.
 44890 | Elf:2    | Found Cunkeor's Jewellery Shoppe.
 44891 | Elf:2    | Found Moetio Bajuy's Jewellery Shoppe.
 45079 | Elf:2    | Found a runed translucent gate.
 45080 | Elf:2    | Found a runed translucent gate.
 45080 | Elf:2    | Found a runed translucent gate.
 45636 | Elf:3    | Entered Level 3 of the Elven Halls
 45811 | Elf:2    | Found a radiant altar of Vehumet.
 45914 | Elf:3    | Paralysed by an air elemental for 1 turns
 47029 | Elf:3    | Identified the +8 whip of Tuipn {flame, rC- Dex+4 SInv}
 47271 | Elf:3    | Identified the +10 fire dragon scales of Asergh {rF++ rC-
                  | rCorr}
 47480 | Elf:3    | Identified the +7 whip "Yschi" {flame, rN+ Str+2}
 47558 | Elf:3    | Identified the +5 hand axe "Hesyaph" {freeze, rElec rC+
                  | rCorr Str-4}
 47634 | Elf:3    | Upgraded the game from 0.32-a0-338-g4f8ebfe289 to
                  | 0.32-a0-355-ged53ad6fd3
 47755 | Elf:3    | Got the Annotations on Ill-omened Confrontation
 47757 | Elf:3    | Identified the staff of Grace {rN+ Str+3 Dex-3 Necro Ice}
 47765 | Elf:3    | Got Waonnotere's Directory of the Hindering Zephyr
 48114 | Vaults:1 | Entered Level 1 of the Vaults
 48213 | Vaults:1 | Found Innu Nah's Antique Weapon Shop.
 48338 | Vaults:1 | Reached XP level 21. HP: 185/187 MP: 20/37
 48395 | Vaults:1 | Noticed Zenata
 48399 | Vaults:1 | Killed Zenata
 48432 | Vaults:1 | Noticed Saint Roka
 48436 | Vaults:1 | Killed Saint Roka
 48540 | Vaults:1 | Found Nenezaq's Armour Shoppe.
 48706 | Vaults:1 | You fall into a shaft and drop 1 floor!
 50445 | Vaults:1 | Identified the +10 arbalest of Melee {drain, Str+4 Dex+4}
 50818 | Vaults:1 | Found Vehyuh Fucusk's Armour Emporium.
 50860 | Vaults:1 | Found a transporter.
 50863 | Vaults:1 | Found a bloodstained altar of Trog.
 50869 | Vaults:1 | Noticed jlumianski's ghost (veteran KoBe)
 50890 | Vaults:1 | Found a transporter.
 51305 | Vaults:1 | Killed jlumianski's ghost
 51445 | Vaults:3 | Found a flickering gateway to a bazaar.
 51466 | Bazaar   | Entered a bazaar
 51469 | Bazaar   | Found Akabat's Jewellery Boutique.
 51489 | Bazaar   | Found Viorch's Antique Armour Shoppe.
 51506 | Bazaar   | Found Gototye's Antique Weapon Boutique.
 51524 | Bazaar   | Found Izaliafe's Antique Weapon Emporium.
 51569 | Bazaar   | Bought the +4 robe of Folly {Brill Will-∞ Int+8} for 534
                  | gold pieces
 51569 | Bazaar   | Found the +4 robe of Folly {Brill Will-∞ Int+8}
 52061 | Vaults:3 | Noticed Asterion
 52062 | Vaults:3 | Killed Asterion
 52063 | Vaults:3 | Reached XP level 22. HP: 198/198 MP: 38/38
 52088 | Vaults:3 | Noticed Donald
 52089 | Vaults:3 | Killed Donald
 52193 | Vaults:3 | Found a staircase to the Crypt.
 52193 | Vaults:3 | Found an ancient bone altar of Kikubaaqudgha.
 52194 | Vaults:3 | Found a basalt altar of Yredelemnul.
 52969 | Vaults:4 | Noticed Margery
 52974 | Vaults:4 | Killed Margery
 53275 | Vaults:4 | Noticed Bai Suzhen
 53277 | Vaults:4 | Killed Bai Suzhen
 53941 | Depths:1 | Entered Level 1 of the Depths
 53951 | Depths:1 | Identified the +1 cloak of Lonapn {Regen+ Stlth+}
 53986 | Depths:1 | Identified the +3 falchion of the Traitor {freeze, rPois
                  | Dex-2 SInv}
 54028 | Depths:1 | Noticed Norris
 54030 | Depths:1 | Killed Norris
 54145 | Depths:1 | Found a one-way gate leading to the halls of Pandemonium.
 54378 | Depths:1 | Found a gateway to Hell.
 54843 | Depths:2 | Found a large runed translucent door.
 54843 | Depths:2 | Noticed a juggernaut
 54844 | Depths:2 | Found a large runed translucent door.
 54844 | Depths:2 | Noticed a juggernaut
 55178 | Depths:2 | Reached XP level 23. HP: 204/204 MP: 40/40
 55499 | Depths:2 | Killed a juggernaut
 55530 | Depths:2 | Killed a juggernaut
 55575 | Depths:2 | Noticed a royal mummy
 55577 | Depths:2 | Killed a royal mummy
 55812 | Depths:3 | Found Cunnaal's Weapon Boutique.
 55814 | Depths:3 | Noticed Vv
 55818 | Depths:3 | Killed Vv
 55914 | Depths:3 | Noticed Grunn
 55917 | Depths:3 | Reached skill level 15 in Spellcasting
 55917 | Depths:3 | Killed Grunn
 55981 | Depths:3 | Found Tywnedd's Antique Weapon Shop.
 55982 | Depths:3 | Found Disil's Assorted Antiques.
 55982 | Depths:3 | Found Astruxeik's Antique Weapon Boutique.
 55984 | Depths:3 | Found Acoq's Antique Armour Shop.
 56029 | Depths:3 | Found a one-way gate to the infinite horrors of the Abyss.
 56139 | Depths:3 | Found a shimmering altar of Xom.
 56197 | Depths:3 | Found a shimmering altar of Xom.
 56663 | Depths:4 | Entered Level 4 of the Depths
 56670 | Depths:4 | Noticed a caustic shrike
 56672 | Depths:4 | Killed a caustic shrike
 56682 | Depths:4 | Reached XP level 24. HP: 212/212 MP: 34/42
 56710 | Depths:4 | Found a shimmering altar of Xom.
 56947 | Depths:4 | Found a gate to the Realm of Zot.
 56952 | Depths:4 | Got a midnight gem with 3 turns to spare
 57122 | Depths:4 | Found Hoveff's Weapon Emporium.
 57193 | Depths:4 | Found a one-way gateway to a ziggurat.
 57858 | Crypt:1  | Entered Level 1 of the Crypt
 58001 | Crypt:3  | Entered Level 3 of the Crypt
 58023 | Crypt:3  | Noticed Jory
 58027 | Crypt:3  | Killed Jory
 58112 | Crypt:3  | Noticed a royal mummy
 58117 | Crypt:3  | Killed a royal mummy
 58121 | Crypt:3  | Found an ancient bone altar of Kikubaaqudgha.
 58124 | Crypt:3  | Found a basalt altar of Yredelemnul.
 58144 | Crypt:3  | Got an ivory gem with 1505 turns to spare
 58176 | Crypt:3  | Got Ticus's Annotations on Finality
 58211 | Crypt:3  | Identified the amulet "Dauxapt" {Regen+ Str+2 Dex-3 Stlth+}
 58295 | Crypt:3  | Noticed Sojobo
 58298 | Crypt:3  | Killed Sojobo
 58983 | Crypt:3  | Found a staircase to the Tomb.
 59000 | Crypt:3  | Identified the +3 hand axe of Wuleo {spect, MP+9 Dex+4
                  | Stlth-}
 60195 | Crypt:1  | Reached XP level 25. HP: 218/218 MP: 40/43
 60671 | Vaults:5 | Entered Level 5 of the Vaults
 60674 | Vaults:5 | Noticed a dread lich
 60678 | Vaults:5 | Killed a dread lich
 60752 | Vaults:5 | Identified the +2 lajatang of Shrieking Terror {spect, rF+
                  | rC++ Will-}
 60756 | Vaults:5 | Reached skill level 1 in Shapeshifting
 60987 | Vaults:5 | Reached skill level 5 in Shapeshifting
 61141 | Vaults:5 | Got the Codex of Indurated Stolen Souls
 61216 | Vaults:5 | Identified the +1 sling of the Pariah {freeze, Will+ Int+3}
 61674 | Vaults:5 | Identified the ring of the Catamount {AC+4 Int+6 Dex+3}
 61727 | Vaults:5 | Identified the amulet "Yseeg" {Acrobat ^Drain rF+ Dex+2}
 62003 | Vaults:5 | Identified the +6 scale mail of the Devil's Team {^Drain
                  | +Inv Fly Will++}
 62062 | Vaults:5 | Identified the orb of Distant Shores {mayhem, rElec rN+
                  | Str+6 Int-5}
 62062 | Vaults:5 | Identified the ring "Nacwer" {rElec rF+ rC+ rCorr Str+3}
 62091 | Vaults:5 | Found Sipimnae's Magic Scroll Boutique.
 62098 | Vaults:5 | Bought a scroll of blinking for 120 gold pieces
 62098 | Vaults:5 | Bought a scroll of teleportation for 48 gold pieces
 62101 | Vaults:5 | Got a silver rune of Zot
 62297 | Vaults:5 | Identified the +1 leather armour "Trusted Companion" {rPois
                  | Str-3 Dex+7}
 62674 | Slime:1  | Entered Level 1 of the Pits of Slime
 63177 | Slime:5  | Entered Level 5 of the Pits of Slime
 63188 | Slime:5  | Noticed the Royal Jelly
 63191 | Slime:5  | Killed the Royal Jelly
 63194 | Slime:5  | Reached skill level 10 in Shapeshifting
 63224 | Slime:5  | Reached XP level 26. HP: 218/226 MP: 45/45
 63276 | Slime:5  | Got a slimy rune of Zot
 63424 | Slime:5  | Identified the +1 robe "Taazaem" {Will++ Int-3 Dex+4}
 63433 | Slime:5  | Got the Catalogue of the Planar Cumulonimbus
 63440 | Slime:5  | Identified the +8 sling of Iconoclasm {heavy, *Corrode rN+
                  | Str+4 SInv}
 63449 | Slime:5  | Identified the +6 scale mail "Xaxtuqen" {rN+ rCorr Str-4
                  | Dex+3}
 63539 | Slime:5  | Identified the +2 pair of boots "Fybruhus" {rF+++ Will+
                  | Regen+ Str-2}
 63561 | Slime:5  | Identified the +0 plate armour of Inuypn {Regen+}
 63633 | Slime:5  | Identified the +8 quarterstaff of the Ghostly God {drain,
                  | Int+2}
 63650 | Slime:5  | Identified the +1 halberd "Fish" {protect, rElec Int+2
                  | Dex+3 Stlth+}
 63651 | Slime:5  | Identified the ring "Xuadyreg" {rF+ MP+9 Dex+3}
 63664 | Slime:5  | Identified the +6 orcbow of Popular Demand {heavy, ^Fragile
                  | rF+ Int+3}
 65567 | Elf:2    | Bought a talisman of death for 800 gold pieces
 65842 | Zig:1    | Entered Level 1 of a ziggurat
 65863 | Zig:2    | Entered Level 2 of a ziggurat
 65880 | Zig:3    | Entered Level 3 of a ziggurat
 65907 | Zig:4    | Entered Level 4 of a ziggurat
 65998 | Zig:5    | Entered Level 5 of a ziggurat
 66003 | Zig:5    | Noticed Soleu the pandemonium lord
 66004 | Zig:5    | Killed Soleu the pandemonium lord
 66028 | Zig:6    | Entered Level 6 of a ziggurat
 66054 | Zig:7    | Entered Level 7 of a ziggurat
 66071 | Zig:7    | Identified the ring "Igeankic" {rPois Slay+3}
 66079 | Zig:7    | Identified the +0 chain mail of the Original Sin {Slay+2}
 66083 | Zig:8    | Entered Level 8 of a ziggurat
 66106 | Zig:8    | Reached XP level 27. HP: 234/234 MP: 32/45
 66109 | Zig:8    | Identified the +1 scale mail "Astraezin" {Harm rC+}
 66127 | Zig:8    | Learned a level 4 spell: Passage of Golubria
 66128 | Zig:9    | Entered Level 9 of a ziggurat
 66135 | Zig:9    | Noticed an ancient lich
 66137 | Zig:9    | Killed an ancient lich
 66142 | Zig:9    | Noticed a dread lich
 66144 | Zig:9    | Killed a dread lich
 66153 | Zig:9    | Reached skill level 15 in Shapeshifting
 66154 | Zig:9    | Identified the ring "Nuwkuebi" {Will+ AC+4}
 66167 | Zig:10   | Entered Level 10 of a ziggurat
 66222 | Zig:11   | Entered Level 11 of a ziggurat
 66264 | Zig:12   | Entered Level 12 of a ziggurat
 66300 | Zig:12   | Identified the amulet of Yngontag {Faith Str-5 Dex+4}
 66303 | Zig:12   | Identified the staff "Hehut" {rF+ Dex+5 Stlth+ Fire}
 66319 | Zig:13   | Entered Level 13 of a ziggurat
 66347 | Zig:13   | Identified the death talisman "Tosyol" {*Slow rElec Str+4
                  | Int+4}
 66350 | Zig:13   | Got the Information on Portents
 66357 | Zig:13   | Identified the +5 ring mail "Zassiepi" {Str+6 Slay+5}
 66372 | Zig:13   | Identified the staff of the Vanishing Seas {^Drain rElec
                  | rN+ Int+4 Air}
 66379 | Zig:14   | Entered Level 14 of a ziggurat
 66397 | Zig:14   | Found the +8 longbow "Zephyr" {speed, Dex+3 SInv}
 66430 | Zig:14   | Identified the +4 triple crossbow of Petuti {penet, rF-
                  | Str+2 SInv}
 66436 | Zig:14   | Identified the +8 morningstar of Amorality {flame, Str+3}
 66444 | Zig:15   | Entered Level 15 of a ziggurat
 66465 | Zig:15   | Found the +27 heavy crossbow "Sniper" {heavy, Acc+∞ SInv}
 66467 | Zig:15   | Found the +5 demon whip "Spellbinder" {antimagic, disrupt,
                  | Will+}
 66474 | Zig:15   | Got Fudomnext's Elucidation of the Mortar and the Shot
 66475 | Zig:15   | Identified the +9 mace "Rasinnu" {speed, ^Drain rN++ Int+4}
 66494 | Zig:16   | Entered Level 16 of a ziggurat
 66522 | Zig:16   | Noticed an ancient lich
 66523 | Zig:16   | Killed an ancient lich
 66558 | Zig:16   | Identified the +3 leather armour of Lepteaj {rF- Dex+5}
 66559 | Zig:16   | Identified the staff of the Brain {rPois Dex+3 Alchemy}
 66572 | Zig:17   | Entered Level 17 of a ziggurat
 66584 | Zig:17   | Noticed an ancient lich
 66587 | Zig:17   | Killed an ancient lich
 66590 | Zig:17   | Noticed a dread lich
 66591 | Zig:17   | Noticed a dread lich
 66593 | Zig:17   | Killed a dread lich
 66594 | Zig:17   | Killed a dread lich
 66601 | Zig:17   | Found the +4 Cigotuvi's embrace {Corpsefed rMiasma ^Drain
                  | rN+}
 66616 | Zig:17   | Identified the +2 falchion of Vohiogys {protect, Int+6}
 66621 | Zig:17   | Identified the +3 falchion of the Moon {freeze, *Noise
                  | Will+ Int+3}
 66622 | Zig:17   | Identified the +8 whip of the Bruised Xenops {flame, rElec
                  | Will+ Stlth+}
 66630 | Zig:17   | Identified the +1 spear of the Ancient Shrikes {pain, rN+}
 66684 | Zig:18   | Entered Level 18 of a ziggurat
 66806 | Zig:18   | Identified the +1 leather armour "Xuco" {Str+4}
 66825 | Zig:19   | Entered Level 19 of a ziggurat
 66871 | Zig:19   | Identified the +2 pair of boots of Gestures {rElec rC+
                  | Str+9}
 66885 | Zig:19   | Identified the +6 rapier "Ykexoshu" {freeze, +Blink rElec
                  | rPois}
 66887 | Zig:19   | Identified the staff "Gayc" {rC+ Str+4 Earth}
 66894 | Zig:20   | Entered Level 20 of a ziggurat
 66913 | Zig:20   | Noticed an ancient lich
 66915 | Zig:20   | Killed an ancient lich
 66916 | Zig:20   | Noticed a dread lich
 66920 | Zig:20   | Noticed an ancient lich
 66921 | Zig:20   | Killed a dread lich
 66922 | Zig:20   | Killed an ancient lich
 66957 | Zig:20   | Identified the death talisman of Kixequd {rElec}
 66964 | Zig:20   | Identified the ring "Wateplia" {+Blink Fly rN+ Will+}
 66969 | Zig:20   | Identified the +3 plate armour "Loshraba" {rN+}
 66980 | Zig:21   | Entered Level 21 of a ziggurat
 66999 | Zig:21   | Noticed Jystri the pandemonium lord
 67000 | Zig:21   | Killed Jystri the pandemonium lord
 67001 | Zig:21   | Noticed Ynni Ivebb the pandemonium lord
 67003 | Zig:21   | Killed Ynni Ivebb the pandemonium lord
 67006 | Zig:21   | Noticed Gualuto the pandemonium lord
 67009 | Zig:21   | Killed Gualuto the pandemonium lord
 67009 | Zig:21   | Noticed Sucai the pandemonium lord
 67009 | Zig:21   | Noticed Jeett the pandemonium lord
 67009 | Zig:21   | Noticed Jyisena the pandemonium lord
 67011 | Zig:21   | Killed Jyisena the pandemonium lord
 67012 | Zig:21   | Killed Jeett the pandemonium lord
 67014 | Zig:21   | Killed Sucai the pandemonium lord
 67016 | Zig:21   | Noticed Baloedan the pandemonium lord
 67035 | Zig:21   | Found the +2 shield of Resistance {rF++ rC++ Will++}
 67038 | Zig:21   | Found the -2 hat of the Alchemist {rElec rPois rF+ rC+ rN+
                  | Will+ rMut rCorr}
 67050 | Zig:21   | Killed Baloedan the pandemonium lord
 67126 | Zig:21   | Reached skill level 5 in Dodging
 67150 | Zig:22   | Entered Level 22 of a ziggurat
 67205 | Zig:22   | Noticed Fux Ida the pandemonium lord
 67208 | Zig:22   | Killed Fux Ida the pandemonium lord
 67291 | Zig:22   | Identified the staff "Starlight" {rPois rC- Int+3 Air
                  | Alchemy}
 67298 | Zig:22   | Identified the +7 quarterstaff "Buapt" {vamp, rN+ Str+2}
 67307 | Zig:22   | Reached skill level 15 in Shields
 67318 | Zig:23   | Entered Level 23 of a ziggurat
 67335 | Zig:23   | Noticed a dread lich
 67337 | Zig:23   | Killed a dread lich
 67338 | Zig:23   | Noticed a dread lich
 67340 | Zig:23   | Killed a dread lich
 67349 | Zig:23   | Noticed a dread lich
 67350 | Zig:23   | Killed a dread lich
 67350 | Zig:23   | Killed a dread lich
 67351 | Zig:23   | Noticed a dread lich
 67353 | Zig:23   | Killed a dread lich
 67375 | Zig:23   | Identified the ring "Tiwkyi" {Fire Will+ Int+3}
 67388 | Zig:23   | Identified the +0 scimitar of Boimeuwnefe {vamp, +Blink
                  | rElec Str-3 Int+6}
 67390 | Zig:23   | Identified the staff "Cuent" {rF+ rCorr Int-4 Dex+3 Fire}
 67395 | Zig:23   | Identified the +6 sling of Imminent Death {speed, Str+3}
 67435 | Zig:24   | Entered Level 24 of a ziggurat
 67477 | Zig:24   | Found the +8 Vampire's Tooth {megavamp}
 67477 | Zig:24   | Found the +5 woodcutter's axe
 67486 | Zig:24   | Identified the +6 spear of the Well-Known Mystics {speed,
                  | Str+5}
 67490 | Zig:24   | Identified the staff "Dwarf's Doom" {rElec Str+4 Stlth+
                  | Air}
 67497 | Zig:24   | Identified the +5 quarterstaff of the Sneaky Xalams {drain,
                  | rN+ Dex+3}
 67508 | Zig:25   | Entered Level 25 of a ziggurat
 67645 | Zig:25   | Identified the ring of Zoelaushrune {Ice Str+3 Int+2
                  | Stlth+}
 67683 | Zig:26   | Entered Level 26 of a ziggurat
 67703 | Zig:26   | Noticed a juggernaut
 67704 | Zig:26   | Noticed a juggernaut
 67706 | Zig:26   | Noticed a juggernaut
 67707 | Zig:26   | Killed a juggernaut
 67707 | Zig:26   | Killed a juggernaut
 67708 | Zig:26   | Noticed a juggernaut
 67710 | Zig:26   | Killed a juggernaut
 67710 | Zig:26   | Killed a juggernaut
 67712 | Zig:26   | Noticed a juggernaut
 67712 | Zig:26   | Noticed a juggernaut
 67714 | Zig:26   | Killed a juggernaut
 67715 | Zig:26   | Killed a juggernaut
 67715 | Zig:26   | Killed a juggernaut
 67721 | Zig:26   | Noticed a juggernaut
 67721 | Zig:26   | Noticed a juggernaut
 67723 | Zig:26   | Killed a juggernaut
 67723 | Zig:26   | Killed a juggernaut
 67738 | Zig:26   | Found the +8 frozen axe "Frostbite" {freeze, freezing
                  | cloud, *Noise Fly rC+}
 67741 | Zig:26   | Identified the amulet of Accord {Reflect Regen+ Str+4 SH+5
                  | Stlth+}
 67755 | Zig:26   | Identified the +4 shortbow of Beastly Reinforcement
                  | {freeze, Int+3 Dex+2}
 67765 | Zig:26   | Identified the +0 scimitar of the Lumpy Wars {heavy,
                  | Will++}
 67766 | Zig:26   | Identified the +10 sling "Huyd" {flame, Will++ Str+6 SInv}
 67773 | Zig:26   | Reached skill level 5 in Staves
 67774 | Zig:26   | Identified the +7 arbalest of Okkaw {drain, Int+3 Stlth+}
 67797 | Zig:27   | Entered Level 27 of a ziggurat
 67842 | Zig:27   | Paralysed by a wendigo for 1 turns
 67844 | Zig:27   | Found the +10 tower shield of Ignorance {rN+ Int-4}
 67870 | Zig:27   | Identified the ring "Berghicasm" {rF+ rCorr Str+6 Dex-4
                  | Slay+2}
 67884 | Zig:27   | Identified the amulet "Feunun" {Harm rF++ Regen+ Int-2
                  | Stlth+}
 67886 | Zig:27   | Identified the amulet of Miujar {Regen+ Int+3 Slay+4}
 67905 | Zig:27   | Identified the +6 spear of Bloody Death {chaos, Str+3}
 67917 | Zig:27   | Identified the +0 chain mail of the Catamount {rElec Str+3}
 68125 | Orc:1    | Bought a manual of Air Magic for 1360 gold pieces
 68134 | Orc:1    | Learned a level 8 spell: Maxwell's Capacitive Coupling
 68660 | Zot:1    | Entered Level 1 of the Realm of Zot
 68680 | Zot:1    | Reached skill level 1 in Air Magic
 68705 | Zot:2    | Found a runed translucent gate.
 68705 | Zot:2    | Found a runed translucent gate.
 68705 | Zot:2    | Noticed an ancient lich
 68706 | Zot:2    | Found a runed translucent gate.
 68706 | Zot:2    | Noticed Visuc's ghost (master GrBe)
 68775 | Zot:3    | Reached skill level 5 in Air Magic
 68823 | Zot:5    | Entered Level 5 of the Realm of Zot
 68849 | Zot:5    | Got a prismatic gem with 808 turns to spare
 68851 | Zot:5    | Noticed a dread lich
 68854 | Zot:5    | Killed a dread lich
 68872 | Zot:5    | Noticed a dread lich
 68873 | Zot:5    | Killed a dread lich
 69265 | Zot:5    | Reached skill level 10 in Air Magic
 69275 | Zot:5    | Learned a level 9 spell: Chain Lightning
 69313 | Zot:5    | Identified the +6 long sword of Indomitability {freeze,
                  | rElec}
 69420 | Zot:5    | Noticed an orb of fire
 69426 | Zot:5    | Killed an orb of fire
 69469 | Zot:5    | Noticed an orb of fire
 69477 | Zot:5    | Killed an orb of fire
 69499 | Zot:5    | Noticed an orb of fire
 69502 | Zot:5    | Killed an orb of fire
 69504 | Zot:5    | Noticed an orb of fire
 69507 | Zot:5    | Killed an orb of fire
 69514 | Zot:5    | Noticed an orb of fire
 69520 | Zot:5    | Killed an orb of fire
 69536 | Zot:5    | Noticed an orb of fire
 69536 | Zot:5    | Noticed an orb of fire
 69538 | Zot:5    | Killed an orb of fire
 69540 | Zot:5    | Killed an orb of fire
 69547 | Zot:5    | Noticed a dread lich
 69549 | Zot:5    | Killed a dread lich
 69584 | Zot:5    | Noticed an ancient lich
 69587 | Zot:5    | Killed an ancient lich
 69837 | Zot:5    | Learned a level 9 spell: Shatter
 69879 | Zot:4    | Reached skill level 1 in Earth Magic
 70541 | Zot:4    | Reached skill level 5 in Earth Magic
 70640 | Zot:4    | Noticed an ancient lich
 70642 | Zot:4    | Killed an ancient lich
 70713 | Zot:4    | Acquired 1220 gold pieces
 71242 | Zot:3    | You fall into a shaft and drop 1 floor!
 71364 | Zot:3    | Reached skill level 10 in Earth Magic
 71375 | Zot:3    | Identified the +6 chain mail of Eternal Night {^Contam
                  | rC++}
 71883 | Zot:2    | Identified the +0 ring mail "Pooxki" {Dex+2}
 72693 | Zot:2    | Killed an ancient lich
 72704 | Zot:2    | Killed Visuc's ghost
 72780 | Zot:1    | Reached skill level 15 in Earth Magic
 73086 | Zot:1    | Learned a level 8 spell: Lehudib's Crystal Spear
 73198 | Depths:2 | Gained mutation: You have hidden genetic defects. [potion
                  | of mutation]
 73198 | Depths:2 | Lost mutation: You have hidden genetic defects. [potion of
                  | mutation]
 73198 | Depths:2 | Gained mutation: You are clumsy. (Dex -2) [potion of
                  | mutation]
 73199 | Depths:2 | Lost mutation: You are clumsy. (Dex -2) [potion of
                  | mutation]
 73199 | Depths:2 | Gained mutation: Your mind is acute. (Int +4, Str/Dex -1)
                  | [potion of mutation]
 73199 | Depths:2 | Gained mutation: You have very sharp teeth. [potion of
                  | mutation]
 73199 | Depths:2 | Lost mutation: Your mind is acute. (Int +4, Str/Dex -1)
                  | [potion of mutation]
 73199 | Depths:2 | Gained mutation: You have hidden genetic potential. [potion
                  | of mutation]
 73200 | Depths:2 | Lost mutation: You have hidden genetic potential. [potion
                  | of mutation]
 73200 | Depths:2 | Lost mutation: You have very sharp teeth. [potion of
                  | mutation]
 73200 | Depths:2 | Gained mutation: You sometimes lose your temper in combat.
                  | [potion of mutation]
 73200 | Depths:2 | Gained mutation: You are partially covered in iridescent
                  | scales. (AC +2) [potion of mutation]
 73201 | Depths:2 | Lost mutation: You are partially covered in iridescent
                  | scales. (AC +2) [potion of mutation]
 73201 | Depths:2 | Lost mutation: You sometimes lose your temper in combat.
                  | [potion of mutation]
 73201 | Depths:2 | Gained mutation: Your mind is acute. (Int +4, Str/Dex -1)
                  | [potion of mutation]
 73201 | Depths:2 | Gained mutation: You occasionally shout uncontrollably at
                  | your foes. [potion of mutation]
 73201 | Depths:2 | Gained mutation: You are somewhat resistant to further
                  | mutation. [potion of mutation]
 73365 | Pan      | Entered Pandemonium
 73476 | Pan      | Noticed Mennas
 73478 | Pan      | Killed Mennas
 73990 | Pan      | Found an exit through the horrors of the Abyss.
 74381 | Pan      | Entered the realm of Cerebov.
 74487 | Pan      | Found the +6 sword of Cerebov {flame}
 74487 | Pan      | Noticed Cerebov
 74492 | Pan      | Killed Cerebov
 74494 | Pan      | Identified the ring of the Fabulous God {rF+ rCorr Dex+6}
 74555 | Pan      | Got a fiery rune of Zot
 74623 | Pan      | Identified the +3 chain mail of Card Tricks {Rampage}
 74678 | Pan      | Identified the ring "Qaosyeha" {rPois rN+ Str+6 Dex+3}
 74727 | Pan      | Identified the ring "Pidoarak" {Fire rN+}
 74828 | Pan      | Noticed Lypper the pandemonium lord
 74829 | Pan      | Killed Lypper the pandemonium lord
 74864 | Pan      | Reached skill level 10 in Staves
 74898 | Pan      | Noticed Yvogec the pandemonium lord
 74900 | Pan      | Killed Yvogec the pandemonium lord
 74993 | Pan      | Got a demonic rune of Zot
 74994 | Pan      | Identified the ring "Eseptuil" {Wiz rElec rN+ Will+ Dex+3}
 75044 | Pan      | Noticed Zuutu the pandemonium lord
 75052 | Pan      | Killed Zuutu the pandemonium lord
 75260 | Pan      | Found an exit through the horrors of the Abyss.
 75367 | Pan      | Entered the realm of Lom Lobon.
 75397 | Pan      | Found an exit through the horrors of the Abyss.
 76035 | Pan      | Identified the +1 dire flail "Plojy" {flame, rPois Will+
                  | Str+3 Dex-3}
 76117 | Pan      | Noticed Lom Lobon
 76125 | Pan      | Killed Lom Lobon
 76144 | Pan      | Got a magical rune of Zot
 76402 | Pan      | Entered the realm of Mnoleg.
 76498 | Pan      | Noticed Mnoleg
 76502 | Pan      | Killed Mnoleg
 76525 | Pan      | Got a glowing rune of Zot
 76598 | Pan      | Identified the +10 hand axe of the Secret Suns {flame,
                  | *Rage +Blink Int-4 Dex+5}
 76810 | Pan      | Entered the realm of Gloorx Vloq.
 76992 | Pan      | Reached skill level 10 in Evocations
 77023 | Pan      | Noticed Gloorx Vloq
 77028 | Pan      | Killed Gloorx Vloq
 77053 | Pan      | Got a dark rune of Zot
 77434 | Pan      | Noticed Casoe the pandemonium lord
 77440 | Pan      | Killed Casoe the pandemonium lord
 77633 | Pan      | Found an exit through the horrors of the Abyss.
 77649 | Pan      | Identified the +1 pair of boots "Xammot" {Int+5 Dex+3}
 77658 | Depths:2 | Escaped Pandemonium
 77982 | Tomb:1   | Entered Level 1 of the Tomb of the Ancients
 78023 | Tomb:1   | Noticed a royal mummy
 78025 | Tomb:1   | Killed a royal mummy
 78025 | Tomb:1   | Killed Khufu
 78271 | Tomb:1   | Noticed a royal mummy
 78271 | Tomb:1   | Noticed a royal mummy
 78276 | Tomb:1   | Noticed a royal mummy
 78276 | Tomb:1   | Killed a royal mummy
 78277 | Tomb:1   | Killed a royal mummy
 78277 | Tomb:1   | Noticed a royal mummy
 78278 | Tomb:1   | Killed a royal mummy
 78278 | Tomb:1   | Killed a royal mummy
 78279 | Tomb:1   | Noticed a royal mummy
 78288 | Tomb:1   | Killed a royal mummy
 78419 | Tomb:1   | Noticed a royal mummy
 78428 | Tomb:1   | Killed a royal mummy
 78437 | Tomb:1   | Noticed a royal mummy
 78439 | Tomb:1   | Killed a royal mummy
 78443 | Tomb:1   | Noticed a royal mummy
 78443 | Tomb:1   | Noticed a royal mummy
 78444 | Tomb:1   | Noticed a royal mummy
 78444 | Tomb:1   | Noticed a royal mummy
 78446 | Tomb:1   | Killed a royal mummy
 78446 | Tomb:1   | Killed a royal mummy
 78446 | Tomb:1   | Killed a royal mummy
 78446 | Tomb:1   | Killed a royal mummy
 78447 | Tomb:1   | Noticed a royal mummy
 78449 | Tomb:1   | Noticed a royal mummy
 78450 | Tomb:1   | Noticed a royal mummy
 78451 | Tomb:1   | Killed a royal mummy
 78451 | Tomb:1   | Killed a royal mummy
 78451 | Tomb:1   | Noticed a royal mummy
 78452 | Tomb:1   | Killed a royal mummy
 78455 | Tomb:1   | Killed a royal mummy
 78463 | Tomb:1   | Noticed a royal mummy
 78468 | Tomb:1   | Killed a royal mummy
 78475 | Tomb:1   | Noticed a royal mummy
 78481 | Tomb:1   | Killed a royal mummy
 78497 | Tomb:1   | Noticed a royal mummy
 78502 | Tomb:1   | Killed a royal mummy
 78505 | Tomb:1   | Noticed a royal mummy
 78513 | Tomb:1   | Killed a royal mummy
 78601 | Tomb:3   | Entered Level 3 of the Tomb of the Ancients
 78611 | Tomb:3   | Noticed a royal mummy
 78613 | Tomb:3   | Killed a royal mummy
 78613 | Tomb:3   | Killed a royal mummy
 78639 | Tomb:3   | Noticed a royal mummy
 78641 | Tomb:3   | Noticed a royal mummy
 78642 | Tomb:3   | Killed a royal mummy
 78642 | Tomb:3   | Killed a royal mummy
 78654 | Tomb:3   | Noticed a royal mummy
 78655 | Tomb:3   | Noticed a royal mummy
 78656 | Tomb:3   | Noticed a royal mummy
 78657 | Tomb:3   | Killed a royal mummy
 78659 | Tomb:3   | Killed a royal mummy
 78662 | Tomb:3   | Killed a royal mummy
 78666 | Tomb:3   | Noticed a royal mummy
 78670 | Tomb:3   | Killed a royal mummy
 78688 | Tomb:3   | Got a sanguine gem with 1055 turns to spare
 78691 | Tomb:3   | Got a golden rune of Zot
 78755 | Tomb:3   | Found the +7 great mace "Undeadhunter" {deathbane, rN+}
 78755 | Tomb:3   | Found the +3 warlock's mirror {omnireflect}
 78790 | Tomb:3   | Identified the staff of Resourcefulness {rF+ rC- Str+7
                  | Fire}
 78809 | Tomb:3   | Identified the +7 chain mail "Qidid" {SInv}
 78810 | Tomb:3   | Identified the amulet "Mire" {RegenMP Str-5 Dex+4}
 78818 | Tomb:3   | Identified the +6 great sword of the Caustic God {spect,
                  | rPois rC++ Int+2}
 78843 | Tomb:3   | Identified the +4 short sword "Wenam Gapergh" {pain,
                  | *Corrode rC+ rN+}
 78854 | Tomb:3   | Identified the +3 mace "Daluply" {flame, rPois Dex+3}
 78886 | Tomb:3   | Identified the ring of Nonkyton {Fire rPois rCorr Int+2
                  | Slay-4}
 79112 | Tomb:2   | Noticed a royal mummy
 79117 | Tomb:2   | Killed a royal mummy
 79117 | Tomb:2   | Noticed a royal mummy
 79120 | Tomb:2   | Killed a royal mummy
 79121 | Tomb:2   | Noticed a royal mummy
 79121 | Tomb:2   | Noticed a royal mummy
 79123 | Tomb:2   | Killed a royal mummy
 79123 | Tomb:2   | Killed a royal mummy
 79126 | Tomb:2   | Noticed a royal mummy
 79128 | Tomb:2   | Killed a royal mummy
 79496 | Tomb:1   | Noticed a royal mummy
 79512 | Tomb:1   | Killed a royal mummy
 79552 | Tomb:1   | Noticed a royal mummy
 79556 | Tomb:1   | Killed a royal mummy
 80455 | Hell     | Entered the Vestibule of Hell
 80458 | Hell     | Noticed Geryon
 80464 | Hell     | Killed Geryon
 80575 | Hell     | Found a gateway to the freezing wastes of Cocytus.
 80584 | Coc:1    | Entered Level 1 of Cocytus
 80724 | Coc:3    | Paralysed by a wendigo for 1 turns
 80953 | Coc:5    | Paralysed by a wendigo for 1 turns
 81059 | Coc:7    | Entered Level 7 of Cocytus
 81167 | Coc:7    | Paralysed by a wendigo for 1 turns
 81224 | Coc:7    | Paralysed by a wendigo for 1 turns
 81272 | Coc:7    | Reached skill level 27 in Shields
 81387 | Coc:7    | Identified the +7 halberd of Interdependent Arising {flame,
                  | Str+4}
 81561 | Coc:7    | Identified the staff of Disaster {rC+ Str+3 Ice}
 81561 | Coc:7    | Noticed Antaeus
 81567 | Coc:7    | Killed Antaeus
 81590 | Coc:7    | Got an icy rune of Zot
 82125 | Coc:7    | Identified the +0 scale mail of the Cooper {rCorr Dex+3}
 82790 | Coc:7    | Paralysed by a wendigo for 1 turns
 83086 | Hell     | Found a gateway to the decaying netherworld of Tartarus.
 83136 | Tar:1    | Entered Level 1 of Tartarus
 84002 | Tar:7    | Entered Level 7 of Tartarus
 84019 | Tar:7    | Noticed a dread lich
 84021 | Tar:7    | Killed a dread lich
 84149 | Tar:7    | Reached skill level 10 in Dodging
 84220 | Tar:7    | Found the +3 hat of Pondering {ponderous, Will+ MP+10
                  | Int+5}
 84261 | Tar:7    | Identified the ring "Farpheid" {rN+ Will+ MP+9}
 84274 | Tar:7    | Identified the amulet of Division {RegenMP Rampage +Blink
                  | MP+9}
 84287 | Tar:7    | Identified the staff of the Penguin {rF+ rC+ rN+ rCorr
                  | Dex+3 Ice}
 84291 | Tar:7    | Identified the +3 quarterstaff "Zialen" {freeze, *Rage
                  | Int+4}
 84313 | Tar:7    | Noticed an ancient lich
 84315 | Tar:7    | Killed an ancient lich
 84323 | Tar:7    | Got a bone rune of Zot
 84334 | Tar:7    | Noticed an ancient lich
 84336 | Tar:7    | Killed an ancient lich
 84396 | Tar:7    | Noticed Ereshkigal
 84439 | Tar:7    | Killed Ereshkigal
 84501 | Tar:7    | Found the +2 hood of the Assassin {Detect Stab+ Stlth++}
 84632 | Tar:7    | Identified the +3 rapier of Blood {heavy, *Slow rN+ Will+
                  | Str+8}
 84702 | Tar:7    | Identified the +1 pair of gloves "Laarph" {+Inv rF+ Slay+2}
 84730 | Tar:7    | Found the +3 greatsling "Punk" {acid, rCorr}
 84834 | Hell     | Found a gateway to the Iron City of Dis.
 84855 | Dis:1    | Entered Level 1 of the Iron City of Dis
 84859 | Dis:1    | Noticed an ancient lich
 84862 | Dis:1    | Killed an ancient lich
 84888 | Dis:1    | You fall into a shaft and drop 1 floor!
 84892 | Dis:2    | Reached skill level 15 in Air Magic
 84902 | Dis:2    | Reached skill level 27 in Fire Magic
 85028 | Dis:4    | Noticed an ancient lich
 85030 | Dis:4    | Killed an ancient lich
 85068 | Dis:4    | Reached skill level 27 in Armour
 85225 | Dis:6    | Noticed a dread lich
 85227 | Dis:6    | Killed a dread lich
 85382 | Dis:7    | Entered Level 7 of the Iron City of Dis
 85432 | Dis:7    | Noticed a juggernaut
 85439 | Dis:7    | Killed a juggernaut
 85488 | Dis:7    | Noticed a juggernaut
 85493 | Dis:7    | Killed a juggernaut
 85545 | Dis:7    | Noticed a juggernaut
 85548 | Dis:7    | Killed a juggernaut
 85577 | Dis:7    | Got an iron rune of Zot
 85580 | Dis:7    | Noticed Dispater
 85584 | Dis:7    | Killed Dispater
 85585 | Dis:7    | Identified the amulet "Zipourhi" {Faith Rampage Int+3
                  | Slay+2}
 85602 | Dis:7    | Identified the +8 quarterstaff of Tiublith {freeze, Int+3}
 85681 | Hell     | Found a gateway to the ashen valley of Gehenna.
 85714 | Geh:1    | Entered Level 1 of Gehenna
 85933 | Geh:3    | You fall into a shaft and drop 1 floor!
 86362 | Geh:7    | Entered Level 7 of Gehenna
 86410 | Geh:7    | Noticed the Serpent of Hell
 86416 | Geh:7    | Killed the Serpent of Hell
 86695 | Geh:7    | Found the +13 sceptre of Asmodeus
 86695 | Geh:7    | Noticed Asmodeus
 86698 | Geh:7    | Killed Asmodeus
 86704 | Geh:7    | Got an obsidian rune of Zot
 87758 | Zot:5    | Got the Orb of Zot
 87927 | Zot:1    | Noticed Corac the pandemonium lord
 88019 | Depths:1 | Noticed Reani the pandemonium lord
 88181 | D:8      | Noticed a seraph
 88183 | D:8      | Killed a seraph
 88332 | D:$      | Escaped with the Orb!

Illustrated notes

Levels and vault maps discovered:
D:1:      ldierk_walled_garden_2, layout_loops_ring
D:2:      layout_rooms, kennysheep_generic_room_2
D:3:      layout_loops_ring, chequers_serial_rivers_micro_e,
          amcnicky_mini_rare_corridor_liquid, minmay_misc_feat_plants,
          guppyfry_early_lair_pool
D:4:      layout_cave_pools, minmay_temple_entry_grid, serial_shops,
          nicolae_shop_crystal, uniq_blork_the_orc
D:5:      layout_gridville, mainiacjoe_sewer_entry_somewhere_in_here_2,
          serial_rivers, chequers_serial_rivers_small_b,
          chequers_serial_rivers_small_b, chequers_serial_rivers_micro_e,
          chequers_serial_rivers_micro_c, chequers_serial_rivers_large_b
D:6:      layout_loops_ring, kennysheep_another_room, nicolae_underground_beach
D:7:      layout_basic, mainiacjoe_overflow_brackets, uniq_duvessa,
          uniq_jeremiah
D:8:      layout_basic, mainiacjoe_overflow_surrounded_room,
          gammafunk_ghost_stat_death
D:9:      layout_loops_ring, lair_entry_dummy, nrook_loot_triangle, uniq_pikel,
          uniq_erica, uniq_erolcha
D:10:     layout_cave_pods, uniq_joseph
D:11:     layout_loops_ring, orc_0_dummy, serial_glass, glass_columns_b,
          glass_columns_a, feat_on_display, item_on_display_b,
          ebering_ghost_gozag, the_hattery
D:12:     layout_loops_corners, slow_altar_2, uniq_maurice, uniq_kirke
D:13:     layout_cave_pools, hangedman_vaults_entry_quadrant_bands
D:14:     layout_loops_ring, uniq_lodul
D:15:     grunt_enter_depths_magical_seal, layout_layer_cave,
          gauntlet_entry_generic, patterned_corridor
Temple:   mainiacjoe_temple_cubbyholes
Lair:1:   layout_cave_pods, grunt_megastairs_1, infiniplex_staircase_pool,
          lemuel_fruit_tree
Lair:2:   layout_cave_pods, minmay_shoals_entry_hut,
          portal_ice_cave_entry_ice_simulacra, wad_woods_river_03
Lair:3:   layout_roguey, spider_nest_entry_webs, hellmonk_ghost_happy_afterlife
Lair:4:   layout_loops_ring, grunt_megastairs_3
Lair:5:   due_jungle_book, layout_loops_ring, slime_entry_1,
          cheibrodos_lair_lostbears, lemuel_fruit_fields, uniq_rupert
Shoals:1: layout_shoals, centaur_isle
Shoals:2: nicolae_shoals_mermall, layout_shoals, serial_shops, shop
Shoals:3: layout_shoals, serial_shops, shop, shop, nicolae_shop_trees, shop,
          uniq_louise
Shoals:4: shoals_end_grunt_ice, layout_shoals, shoals_ilsuiw_alternative
Spider:1: nicolae_spider_hilbert_zone_3 [nicolae_spider_hilbert_4_sides_2_open,
          nicolae_spider_hilbert_3_sides_1_open,
          nicolae_spider_hilbert_3_sides_1_open,
          nicolae_spider_hilbert_3_sides_1_open,
          nicolae_spider_hilbert_3_sides_1_open,
          nicolae_spider_hilbert_4_sides_1_open,
          nicolae_spider_hilbert_4_sides_1_open,
          nicolae_spider_hilbert_4_sides_1_open,
          nicolae_spider_hilbert_4_sides_1_open,
          nicolae_spider_hilbert_4_sides_1_open,
          nicolae_spider_hilbert_4_sides_1_open,
          nicolae_spider_hilbert_4_sides_1_open,
          nicolae_spider_hilbert_4_sides_1_open,
          nicolae_spider_hilbert_3_sides_1_open,
          nicolae_spider_hilbert_3_sides_1_open,
          nicolae_spider_hilbert_3_sides_1_open,
          nicolae_spider_hilbert_3_sides_1_open]
Spider:2: layout_cave_pods, gammafunk_ghost_mausoleum, drop_trap, uniq_arachne
Spider:3: layout_spider_delve, hangedman_spider_tarantella_strand
Spider:4: hellmonk_spider_rune_endless_swarm, uniq_nikola
Slime:1:  layout_caves
Slime:2:  layout_caves
Slime:3:  layout_caves
Slime:4:  layout_caves
Slime:5:  slime_pit_nicolae_inversion
Orc:1:    layout_caves, nicolae_shop_self_help
Orc:2:    st_orc_elflike, layout_diamond_mine
Elf:1:    nicolae_elf_arrival_no_cutting_in_line, layout_loops_corners,
          nicolae_elf_shapeshifter_party, minmay_fountain_box,
          minmay_misc_feat_cross
Elf:2:    nicolae_elf_blades_splatter_lattice [nicolae_blade_tridents],
          layout_geoelf_grid, minmay_shop_grove, lemuel_upstairs_altar
Elf:3:    minmay_elf_hall_curves, layout_loops_cross, minmay_misc_feat_columns
Vaults:1: gammafunk_ghost_wrathful_warriors,
          nicolae_vaults_taking_the_gang_shopping,
          nicolae_vaults_shipping_containers_7, v_rooms_3,
          nicolae_vaults_big_angled_halls, nicolae_vaults_heart-shaped_vault,
          nicolae_vaults_prndl, nicolae_vaults_storage_room_doors,
          nicolae_vaults_cornered_office, nicolae_vaults_yaktaur_gun_rack,
          nicolae_vaults_double_plus_1, nicolae_vaults_alarming,
          nicolae_vaults_little_squares_4, layout_vaults_omnicross,
          serial_shops, nicolae_shop_mannequins, nicolae_shop_rolling_square,
          uniq_saint_roka, uniq_zenata
Vaults:2: nicolae_vaults_offset_grid_hallway_4, grunt_vaults_focal,
          nicolae_vaults_crenellated_ambush, vaults_room_stairs_pillars,
          nicolae_vaults_variable_pillar_hall, ontoclasm_vaults_loading_screen,
          nicolae_vaults_hexular_roomagon, vaults_room_door_hall,
          nicolae_vaults_what_the_h, v_alt_pattern_1, v_misc_27,
          nicolae_vaults_heart-shaped_vault, v_misc_29, layout_vaults_omnigrid
Vaults:3: nicolae_vaults_border_crossing, nicolae_vaults_closet_pinwheel_3,
          nicolae_vaults_mitosis, v_misc_19, vaults_room_ringed_pool, v_misc_27,
          minmay_crypt_entry_necro_gods, nicolae_vaults_hexular_roomagon,
          hangedman_vaults_nails, nicolae_vaults_little_squares_2, v_misc_23,
          ontoclasm_vaults_chip, layout_vaults_ring, serial_shops,
          bzr_in_the_mist, uniq_asterion, uniq_donald
Vaults:4: hangedman_vaults_slice, nicolae_vaults_house_1,
          nicolae_vaults_frosty_reception, vaults_dpeg_encased_lava,
          ontoclasm_vaults_twist, nicolae_vaults_house_1,
          nicolae_vaults_tetromino_Z_1, ontoclasm_vaults_gateway,
          nicolae_vaults_surprise_closet, nicolae_vaults_storage_closets_2,
          nicolae_vaults_six-pack, layout_vaults_big_room, uniq_bai_suzhen,
          uniq_margery
Vaults:5
Crypt:1:  layout_misc_corridors
Crypt:2:  layout_misc_corridors, lemuel_dead_fish_pool, grunt_ministairs_9
Crypt:3:  lightli_unholy_cathedral, layout_chaotic_city,
          nicolae_crypt_crumbling_hall, minmay_misc_feat_ornament,
          due_unseen_surprise, uniq_sojobo, uniq_jory
Tomb:1:   uniq_khufu
Tomb:2
Tomb:3
Depths:1: layout_gridville, rand_demon_pan_entry_7, grunt_hell_entry_dis_mu,
          minmay_fractal_squares_gapless_7, firewood_loft, uniq_norris
Depths:2: lightli_eight_chambers, layout_gridlike, rand_demon_pan_entry_3,
          pf_hell_entry_great_geh, nicolae_titane, dreamdust_wasp_nest,
          infiniplex_staircase_river
Depths:3: minmay_haunted_quarter, layout_long_grid, serial_shops,
          nicolae_shop_tiny_waterfront, abyss_entry, xom_redecorated,
          grunt_hell_entry_demonic_statue, grunt_megastairs_5, minmay_shoptagon,
          uniq_vv, uniq_grunn
Depths:4: evilmike_zot_entry_basic, layout_gridlike, enter_ziggurat_a,
          serial_shops, nicolae_shop_behind_doors, hellmouth_1,
          minmay_misc_feat_diagonals, argonaut_fire_from_heaven
Hell
Dis:1:    layout_jigsaw
Dis:2:    layout_gridville
Dis:3:    layout_jigsaw
Dis:4:    layout_gridville, hangedman_dis_chains, glass_columns_c
Dis:5:    layout_jigsaw
Dis:6:    layout_subdivisions
Dis:7:    dis_grunt_layers
Geh:1:    layout_gehenna_lava_caves
Geh:2:    layout_gehenna_pools_triple, nicolae_geh_niches_of_the_damned
Geh:3:    layout_gehenna_pools_basic
Geh:4:    nicolae_geh_split_lavaduct, layout_gehenna_pools_basic
Geh:5:    layout_gehenna_pools_box, lemuel_flamethrower_3
Geh:6:    hangedman_mysterious_dungeon_monster_house
Geh:7:    geh_hangedman
Coc:1:    nicolae_coc_icebeans_plural [nicolae_sub_coc_subbean,
          nicolae_sub_coc_subbean, nicolae_sub_coc_subbean,
          nicolae_sub_coc_subbean], layout_cocytus_water_paths
Coc:2:    layout_cocytus_water_paths
Coc:3:    layout_ice_bergs
Coc:4:    layout_ice_bergs
Coc:5:    layout_ice_bergs
Coc:6:    layout_cocytus_water_paths
Coc:7:    coc_mu
Tar:1:    layout_cathedral_of_symmetry
Tar:2:    layout_catacombs
Tar:3:    layout_grid_maze
Tar:4:    layout_honeycomb
Tar:5:    layout_cathedral_of_symmetry, nicolae_tar_cuneiform_water
Tar:6:    layout_grid_maze
Tar:7:    tar_old
Zot:1:    layout_onion_interference
Zot:2:    layout_gridlike, gammafunk_ghost_necromancy
Zot:3:    layout_concentric_octagons, grunt_ministairs_10
Zot:4:    layout_concentric_octagons, lemuel_lich_library
Zot:5:    layout_basic

Skill      XL: |  1  2  3  4  5  6  7  8  9 10 11 12 13 14 15 16 17 18 19 20 21 22 23 24 25 26 27 |
---------------+----------------------------------------------------------------------------------+-----
Conjurations   | 1 2 3 4 6 7 8 10 11 12 13 14 15 16 18 19 21 23 24 25 | 25.7
Fire Magic     | 4 5 6 7 9 10 11 13 14 16 17 18 19 21 22 23 24 26 27 | 27.0
Spellcasting   | 2 3 4 5 6 7 8 9 10 11 12 13 15 16 18 22 | 22.5
Fighting       | 1 2 3 4 6 7 8 9 10 11 12 13 14 15 16 26 | 26.0
Armour         | 1 3 5 6 8 9 10 11 12 13 14 15 27 | 27.0
Shields        | 3 5 7 8 10 11 12 27 | 27.0
Evocations     | 1 4 5 11 | 11.9
Shapeshifting  | 10 14 23 | 23.0
Dodging        | 14 | 14.9
Staves         | 12 | 12.0
Air Magic      | 16 | 16.4
Earth Magic    | 25 | 25.2
Stealth        | |  1.4

Action                     |  1- 3 |  4- 6 |  7- 9 | 10-12 | 13-15 | 16-18 | 19-21 | 22-24 | 25-27 || total
---------------------------+-------+-------+-------+-------+-------+-------+-------+-------+-------++-------
  Melee: Unarmed           |     2 |       |       |       |       |       |       |       |       ||     2
         Long sword        |    25 |    31 |     5 |       |       |       |       |       |       ||    61
         Quarterstaff      |       |       |    30 |       |       |       |       |       |       ||    30
         War axe           |       |       |    38 |    54 |    63 |    31 |       |       |       ||   186
         Staff             |       |       |       |       |    56 |   136 |   163 |    50 |  2274 ||  2679
   Cast: Foxfire           |    42 |    82 |    45 |    38 |     7 |       |       |       |       ||   214
         Scorch            |       |     6 |    55 |    43 |    21 |       |       |       |       ||   125
         Flame Wave        |       |       |    39 |    53 |    49 |     1 |       |       |       ||   142
         Blink             |       |       |     1 |       |       |    21 |       |     2 |     7 ||    31
         Fireball          |       |       |       |    69 |    77 |    18 |       |       |       ||   164
         Starburst         |       |       |       |       |   209 |   301 |   143 |    23 |    21 ||   697
         Orb of Destructio |       |       |       |       |     4 |     9 |    34 |    10 |     9 ||    66
         Ignition          |       |       |       |       |       |    86 |   155 |    16 |   232 ||   489
         Fire Storm        |       |       |       |       |       |       |    16 |   336 |   637 ||   989
         Shatter           |       |       |       |       |       |       |       |       |   166 ||   166
         Chain Lightning   |       |       |       |       |       |       |       |       |    55 ||    55
         Lehudib's Crystal |       |       |       |       |       |       |       |       |    25 ||    25
         Maxwell's Capacit |       |       |       |       |       |       |       |       |    23 ||    23
         Passage of Golubr |       |       |       |       |       |       |       |       |     1 ||     1
Ability: Begin Untransform |       |       |       |       |       |       |       |       |     9 ||     9
  Evoke: Wand              |       |       |     4 |     1 |     3 |    15 |    10 |     2 |       ||    35
         Condenser vane    |       |       |       |       |     2 |       |       |       |       ||     2
         Phial of floods   |       |       |       |       |     1 |       |       |       |       ||     1
         Lightning rod     |       |       |       |       |     2 |     3 |       |       |       ||     5
    Use: Scroll            |       |     6 |       |    11 |    12 |    15 |     3 |     4 |    25 ||    76
         Potion            |       |       |       |     1 |       |    10 |       |       |    20 ||    31
 Armour: Robe              |     2 |       |       |    10 |       |       |     3 |    21 |       ||    36
         Ring mail         |    28 |    36 |       |       |       |       |       |       |       ||    64
         Scale mail        |       |       |   165 |   108 |       |       |       |       |       ||   273
         Crystal plate arm |       |       |       |    13 |   476 |   580 |   228 |    64 |  1831 ||  3192
         Fire dragon scale |       |       |       |     6 |       |       |   132 |       |       ||   138
  Dodge: Dodged            |    25 |    41 |    87 |   167 |    87 |    87 |    57 |     7 |   330 ||   888
  Block: Buckler           |       |       |       |     2 |    80 |   127 |   100 |    12 |    37 ||   358
         Kite shield       |       |       |       |       |       |       |       |       |  1458 ||  1458
   Form: Death             |       |       |       |       |       |       |       |       |    10 ||    10

Table legend: (Time is in decaauts)
 A = Elapsed time spent in this place.
 B = Non-inter-level travel time spent in this place.
 C = Inter-level travel time spent in this place.
 D = Time resting spent in this place.
 E = Time spent auto-exploring this place.
 F = Levels seen in this place.
 G = Mean time per level.
                   A        B        C        D        E       F      G
               +--------+--------+--------+--------+--------+-----+--------+
         Total |  88853 |  79551 |   9302 |  17870 |  39933 | 138 |  643.9 |
       Dungeon |  20869 |  17758 |   3111 |   5035 |  10024 |  15 | 1391.3 |
        Temple |     38 |     21 |     17 |      0 |      0 |   1 |   38.0 |
          Lair |   8398 |   7620 |    778 |   3219 |   3098 |   5 | 1679.6 |
        Shoals |   4091 |   3932 |    159 |    508 |   2452 |   4 | 1022.8 |
   Spider Nest |   7233 |   7009 |    224 |   2853 |   2896 |   4 | 1808.2 |
    Slime Pits |   2316 |   2171 |    145 |     78 |   1636 |   5 |  463.2 |
  Orcish Mines |   3299 |   2745 |    554 |   1361 |    947 |   2 | 1649.5 |
   Elven Halls |   5083 |   4356 |    727 |   1062 |   2407 |   3 | 1694.3 |
        Vaults |   7879 |   6789 |   1090 |   1363 |   4342 |   5 | 1575.8 |
         Crypt |   3014 |   2730 |    284 |    211 |   1829 |   3 | 1004.7 |
          Tomb |   2172 |   1968 |    204 |     30 |    685 |   3 |  724.0 |
        Depths |   4675 |   3642 |   1033 |    245 |   2682 |   4 | 1168.8 |
          Hell |    299 |    279 |     20 |     40 |      0 |   1 |  299.0 |
           Dis |    761 |    716 |     45 |    275 |      0 |   7 |  108.7 |
       Gehenna |   1101 |   1075 |     26 |     63 |    175 |   7 |  157.3 |
       Cocytus |   2599 |   2158 |    441 |     76 |   1195 |   7 |  371.3 |
      Tartarus |   1527 |   1468 |     59 |     64 |    353 |   7 |  218.1 |
           Zot |   4783 |   4406 |    377 |    169 |   2947 |   5 |  956.6 |
         Abyss |    200 |    200 |      0 |      0 |      0 |   1 |  200.0 |
   Pandemonium |   4083 |   4083 |      0 |     89 |   1824 |  18 |  226.8 |
      Ziggurat |   2096 |   2096 |      0 |     80 |     68 |  27 |   77.6 |
        Bazaar |    138 |    138 |      0 |      0 |     71 |   1 |  138.0 |
         Sewer |    789 |    789 |      0 |    433 |     67 |   1 |  789.0 |
      Ice Cave |    871 |    871 |      0 |    488 |     88 |   1 |  871.0 |
      Gauntlet |    527 |    527 |      0 |    128 |    143 |   1 |  527.0 |
               +--------+--------+--------+--------+--------+-----+--------+

Top non-repeatable levels by time:
  Lair:5: 2622 daAuts
    D:15: 2580 daAuts
    D:12: 2291 daAuts
   Elf:3: 2265 daAuts
   Coc:7: 2128 daAuts
Spider:3: 2053 daAuts
Spider:1: 2037 daAuts
Spider:2: 1933 daAuts
Vaults:1: 1912 daAuts
Vaults:2: 1901 daAuts
  Lair:3: 1778 daAuts
   Orc:1: 1736 daAuts
    D:13: 1732 daAuts
  Lair:2: 1723 daAuts
   Elf:1: 1718 daAuts
